 Dungeon Crawl Stone Soup version 0.23.2-40-g277498a001 (webtiles) character file.

Game seed: 8994068528610474507

1355126 DildoBatman the Meteorologist (level 27, -35/249 HPs)
             Began as a Formicid Wizard on Aug 18, 2019.
             Was an Initiate of Gozag.
             Killed by dispel undead
             ... invoked by a Tzitzimitl
              (67 damage)
             ... on level 3 of the Depths on Aug 20, 2019.
             The game lasted 08:00:01 (79362 turns).

DildoBatman the Meteorologist (Formicid Wizard)    Turns: 79362, Time: 08:00:01

Health: -35/249    AC: 31    Str: 20    XL:     27
Magic:  56/77      EV: 33    Int: 40    God:    Gozag
Gold:   24798      SH: 34    Dex: 18    Spells: 4/80 levels left

rFire    + + .     SeeInvis +   b - staff of energy
rCold    + . .     Gourm    .   j - +8 large shield of the Chupacabra {Int+6 Dex+3}
rNeg     + + +     Faith    .   o - +4 troll leather armour
rPois    ∞         Spirit   .   (helmet unavailable)
rElec    +         Reflect  .   G - +2 cloak of the Thief {+Fog Slay-2 SInv Stlth+}
rCorr    .         Harm     .   I - +2 pair of gloves of Apexirphovu {rF+ Int+3}
MR       +++..     Clarity  +   Y - +2 pair of boots of the Assassin {Detection Stab+ Stlth++}
Stlth    +++++.....             m - amulet "Guewuuraqo" {RegenMP rC+}
HPRegen  0.91/turn              S - ring "Necaot" {Wiz rElec MP+9 Dex+4 SInv}
MPRegen  0.70/turn              F - ring "Caesadam" {Fire rElec MP+9 Str+6}

@: lich-form, tornado, gold aura, flying (expiring)
A: permanent stasis, dig shafts and tunnels, four strong arms, antennae 3, thin
skeletal structure 1, clarity, clever 1, high mp 1
0: Orb of Zot
}: 4/15 runes: decaying, silver, golden, gossamer
a: Dig, Shaft Self, End Transformation, Potion Petition, Call Merchant, Bribe
Branch, Renounce Religion, Evoke Fog


You were on level 3 of the Depths.
You worshipped Gozag.
Gozag was extremely pleased with you.
You were not hungry.
You were a lich.
You visited 13 branches of the dungeon, and saw 57 of its levels.
You visited 1 bazaar.
You visited 4 ziggurats (completing 3), and saw 91 of their levels.
You also visited: Sewer and Ice Cave.

You collected 81272 gold pieces.
You spent 15570 gold pieces at shops.
You paid 40904 gold pieces to Gozag.

Inventory:

Hand Weapons
 a - the +11 quarterstaff of the Vulture {flame, Int+6}
   (You found it on level 4 of the Dungeon)

   It has been specially enchanted to burn those struck by it, causing extra
   injury to most foes and up to half again as much damage against particularly
   susceptible opponents.
   It affects your intelligence (+6).
Missiles
 i - 13 throwing nets (quivered)
 B - 22 javelins of penetration
Armour
 j - the +8 large shield of the Chupacabra (worn) {Int+6 Dex+3}
   (You acquired it on level 13 of the Dungeon)

   It affects your intelligence (+6).
   It affects your dexterity (+3).
 o - a +4 troll leather armour (worn)
 G - the +2 cloak of the Thief (worn) {+Fog Slay-2 SInv Stlth+}
   (You found it on level 17 of a ziggurat)

   It affects your accuracy and damage with ranged weapons and melee attacks
   (-2).
   It lets you see invisible.
   It makes you more stealthy.
 I - the +2 pair of gloves of Apexirphovu (worn) {rF+ Int+3}
   (You found it on level 16 of a ziggurat)

   It affects your intelligence (+3).
   It protects you from fire.
 Y - the +2 pair of boots of the Assassin (worn) {Detection Stab+ Stlth++}
   (You found it on level 3 of the Elven Halls)

   It makes you much more stealthy.
Magical Staves
 b - an uncursed staff of energy (weapon)
Jewellery
 e - the ring of Ikal {rC+++ MR+ Str-5 SInv}
   (You found it on level 23 of a ziggurat)

   [ring of protection from magic]

   It affects your strength (-5).
   It renders you almost immune to cold.
   It affects your resistance to hostile enchantments.
   It lets you see invisible.
 g - the amulet "Juqomaoll" {Reflect rF+ MR++ Str+4 SH+2}
   (You found it on level 5 of the Vaults)

   [amulet of reflection]

   It shields you and reflects attacks.
   It affects your strength (+4).
   It protects you from fire.
   It affects your resistance to hostile enchantments.
   It affects your SH (+2).
 l - the ring of Detuyx {rC+ MR+ Str+7}
   (You found it on level 4 of a ziggurat)

   [ring of protection from cold]

   It affects your strength (+7).
   It protects you from cold.
   It affects your resistance to hostile enchantments.
 m - the amulet "Guewuuraqo" (around neck) {RegenMP rC+}
   (You took it off a deep elf mage on level 3 of the Elven Halls)

   [amulet of magic regeneration]

   It increases your magic regeneration.
   It protects you from cold.
 p - the ring of Robustness {AC+8}
   (You found it on level 9 of a ziggurat)

   [ring of protection]

   It affects your AC (+8).
 u - the ring of Tuinny {*Slow rF+ rN+ MP+9 Str+2, unknown}
   (You found it on level 5 of the Depths)

   [ring of protection from fire]

   It affects your strength (+2).
   It protects you from fire.
   It protects you from negative energy.
   It affects your magic capacity (+9).
   It may slow you when you take damage.
 w - the ring of Dyesmot {rF++ rC+ MR+ Int-2 SInv}
   (You found it on level 13 of a ziggurat)

   [ring of protection from magic]

   It affects your intelligence (-2).
   It greatly protects you from fire.
   It protects you from cold.
   It affects your resistance to hostile enchantments.
   It lets you see invisible.
 D - the ring "Xiyri" {Ice *Drain Int+4 Dex+3, unknown}
   (You found it on level 5 of the Depths)

   [ring of ice]

   It enhances your ice magic.
   It affects your intelligence (+4).
   It affects your dexterity (+3).
   It makes you vulnerable to fire.
   It protects you from cold.
   It causes draining when unequipped.
 F - the ring "Caesadam" (right hand) {Fire rElec MP+9 Str+6}
   (You found it on level 17 of a ziggurat)

   [ring of fire]

   It enhances your fire magic.
   It affects your strength (+6).
   It protects you from fire.
   It makes you vulnerable to cold.
   It insulates you from electricity.
   It affects your magic capacity (+9).
 L - the ring of Exhibitionism {rF+ Int-5 Dex+5}
   (You found it on level 13 of a ziggurat)

   [ring of protection from fire]

   It affects your intelligence (-5).
   It affects your dexterity (+5).
   It protects you from fire.
 S - the ring "Necaot" (left hand) {Wiz rElec MP+9 Dex+4 SInv}
   (You found it on level 20 of a ziggurat)

   [ring of wizardry]

   It improves your spell success rate.
   It affects your dexterity (+4).
   It insulates you from electricity.
   It affects your magic capacity (+9).
   It lets you see invisible.
 T - the amulet of Lunoneff {RegenMP rC+, unknown}
   (You found it on level 1 of the Realm of Zot)

   [amulet of magic regeneration]

   It increases your magic regeneration.
   It protects you from cold.
Wands
 n - a wand of clouds (22)
 A - a wand of acid (37)
 H - a wand of iceblast (82)
 J - a wand of scattershot (15)
Scrolls
 c - 28 scrolls of enchant armour
 d - 23 scrolls of amnesia
 f - 3 scrolls of acquirement
 x - 55 scrolls of remove curse
 y - 25 scrolls of holy word
 z - 66 scrolls of identify
 K - 47 scrolls of fog
 V - 19 scrolls of immolation
Potions
 k - 2 potions of brilliance
 q - 2 potions of cancellation
 s - 21 potions of mutation
 N - 3 potions of resistance
 P - 27 potions of curing
 Q - a potion of invisibility
 U - 11 potions of ambrosia
 W - 5 potions of magic
 X - 9 potions of might
Miscellaneous
 h - a lightning rod (4/4)
 r - 31 boxes of beasts
 t - a lightning rod (4/4)
 C - a lamp of fire
 E - a phial of floods
 M - 28 sacks of spiders
 O - a lightning rod (4/4)
 R - 17 phantom mirrors
Comestibles
 v - 54 rations


   Skills:
 O Level 27 Fighting
   Level 20.9(21.3) Short Blades
   Level 8.6(16.0) Long Blades
   Level 21.6(23.6) Axes
   Level 17.7(22.7) Maces & Flails
   Level 3.0(16.8) Polearms
 - Level 13.2(17.1) Staves
   Level 14.8 Slings
 O Level 27 Armour
 O Level 27 Dodging
 O Level 27 Stealth
 O Level 27 Shields
 - Level 8.6 Unarmed Combat
 O Level 27 Spellcasting
 * Level 15.4 Conjurations
 - Level 10.0 Hexes
 - Level 10.0 Charms
 - Level 22.0 Summonings
 - Level 19.0 Necromancy
   Level 0.8 Translocations
 - Level 19.0 Transmutations
 * Level 22.1 Fire Magic
 * Level 18.5 Ice Magic
 O Level 27 Air Magic
 O Level 27 Earth Magic
   Level 8.1 Poison Magic
 * Level 17.6 Evocations


You had 4 spell levels left.
You knew the following spells:

 Your Spells              Type           Power        Failure   Level  Hunger
a - Chain Lightning       Conj/Air       ########..   1%          8    N/A
b - Shatter               Erth           ########..   1%          9    N/A
c - Tornado               Air            ########..   1%          9    N/A
d - Necromutation         Tmut/Necr      ########..   1%          8    N/A
e - Ignition              Fire           ########..   1%          8    N/A
f - Glaciate              Conj/Ice       ########..   12%         9    N/A
g - Darkness              Hex            #######...   1%          6    N/A
h - Borgnjor's Vile Clut  Necr/Erth      #########.   0%          5    N/A
i - Ozocubu's Armour      Chrm/Ice       ########     0%          3    N/A
j - Aura of Abjuration    Summ           ########..   0%          5    N/A
k - Deflect Missiles      Chrm/Air       ########..   1%          6    N/A

Your spell library contained the following spells:

 Spells                   Type           Power        Failure   Level  Hunger
 Animate Skeleton         Necr           N/A          0%          1    N/A
 Beastly Appendage        Tmut           ######       0%          1    N/A
 Confusing Touch          Hex            ######       0%          1    N/A
 Corona                   Hex            #######      0%          1    N/A
 Flame Tongue             Conj/Fire      #####        0%          1    N/A
 Freeze                   Ice            ####         0%          1    N/A
 Infusion                 Chrm           ####         0%          1    N/A
 Magic Dart               Conj           ####         0%          1    N/A
 Pain                     Necr           ####         0%          1    N/A
 Sandblast                Erth           ######       0%          1    N/A
 Shock                    Conj/Air       ####         0%          1    N/A
 Sting                    Conj/Pois      ####         0%          1    N/A
 Summon Butterflies       Summ           ########     0%          1    N/A
 Summon Small Mammal      Summ           ####         0%          1    N/A
 Call Imp                 Summ           ########     0%          2    N/A
 Corpse Rot               Necr           N/A          0%          2    N/A
 Ensorcelled Hibernation  Hex/Ice        ######       0%          2    N/A
 Passwall                 Tmut/Erth      ########     0%          2    N/A
 Poisonous Vapours        Pois/Air       ######       0%          2    N/A
 Searing Ray              Conj           ######       0%          2    N/A
 Slow                     Hex            #######.     0%          2    N/A
 Song of Slaying          Chrm           #######.     0%          2    N/A
 Sticks to Snakes         Tmut           ########     0%          2    N/A
 Sublimation of Blood     Necr           ########..   0%          2    N/A
 Swiftness                Chrm/Air       ########     0%          2    N/A
 Throw Flame              Conj/Fire      ######       0%          2    N/A
 Throw Frost              Conj/Ice       ######       0%          2    N/A
 Call Canine Familiar     Summ           ########     0%          3    N/A
 Confuse                  Hex            #######.     0%          3    N/A
 Conjure Flame            Conj/Fire      ########     0%          3    N/A
 Dazzling Spray           Conj/Hex       ######       0%          3    N/A
 Ignite Poison            Fire/Tmut/Pois ########     0%          3    N/A
 Inner Flame              Hex/Fire       ########     0%          3    N/A
 Mephitic Cloud           Conj/Pois/Air  ########     0%          3    N/A
 Recall                   Summ/Tloc      N/A          0%          3    N/A
 Regeneration             Chrm/Necr      ########..   0%          3    N/A
 Spectral Weapon          Hex/Chrm       #######.     0%          3    N/A
 Spider Form              Tmut/Pois      ########..   0%          3    N/A
 Static Discharge         Conj/Air       ########     0%          3    N/A
 Stone Arrow              Conj/Erth      ######       0%          3    N/A
 Summon Guardian Golem    Hex/Summ       ########     0%          3    N/A
 Tukima's Dance           Hex            #######.     0%          3    N/A
 Vampiric Draining        Necr           ########..   0%          3    N/A
 Airstrike                Air            ########..   0%          4    N/A
 Animate Dead             Necr           N/A          0%          4    N/A
 Fulminant Prism          Conj/Hex       ########..   0%          4    N/A
 Ice Form                 Ice/Tmut       ########     0%          4    N/A
 Iskenderun's Mystic Bla  Conj           ########     0%          4    N/A
 Leda's Liquefaction      Hex/Erth       ########..   0%          4    N/A
 Petrify                  Tmut/Erth      ########     0%          4    N/A
 Sticky Flame             Conj/Fire      ########     0%          4    N/A
 Summon Ice Beast         Ice/Summ       ########     0%          4    N/A
 Summon Lightning Spire   Summ/Air       ########     0%          4    N/A
 Throw Icicle             Conj/Ice       ########     0%          4    N/A
 Apportation              Tloc           ######       1%          1    N/A
 Shroud of Golubria       Chrm/Tloc      #######...   1%          2    N/A
 Gell's Gravitas          Tloc           ######....   1%          3    N/A
 Lesser Beckoning         Tloc           ######....   1%          3    N/A
 Portal Projectile        Hex/Tloc       ######       1%          3    N/A
 Teleport Other           Tloc           ######..     1%          3    N/A
 Cause Fear               Hex            #######...   1%          4    N/A
 Force Lance              Conj/Tloc      #######.     1%          4    N/A
 Olgreb's Toxic Radiance  Pois           #######.     1%          4    N/A
 Agony                    Necr           ########     0%          5    N/A
 Blade Hands              Tmut           ########..   0%          5    N/A
 Bolt of Draining         Conj/Necr      ########..   0%          5    N/A
 Bolt of Magma            Conj/Fire/Erth ########..   0%          5    N/A
 Dispel Undead            Necr           ########     0%          5    N/A
 Excruciating Wounds      Chrm/Necr      ########..   0%          5    N/A
 Fireball                 Conj/Fire      ########..   0%          5    N/A
 Irradiate                Conj/Tmut      ########..   0%          5    N/A
 Lee's Rapid Deconstruct  Erth           ########..   0%          5    N/A
 Lightning Bolt           Conj/Air       ########..   0%          5    N/A
 Silence                  Hex/Air        ########..   0%          5    N/A
 Summon Demon             Summ           ########..   0%          5    N/A
 Summon Mana Viper        Hex/Summ       ########     0%          5    N/A
 Yara's Violent Unravell  Hex/Tmut       ########..   0%          5    N/A
 Bolt of Fire             Conj/Fire      ########..   0%          6    N/A
 Conjure Ball Lightning   Conj/Air       ########..   0%          6    N/A
 Death Channel            Necr           ########..   0%          6    N/A
 Freezing Cloud           Conj/Ice/Air   ########..   0%          6    N/A
 Hydra Form               Tmut           ########..   0%          6    N/A
 Iron Shot                Conj/Erth      ########..   0%          6    N/A
 Shadow Creatures         Summ           N/A          0%          6    N/A
 Simulacrum               Ice/Necr       ########..   0%          6    N/A
 Statue Form              Tmut/Erth      ########.    0%          6    N/A
 Alistair's Intoxication  Tmut/Pois      ########     1%          5    N/A
 Iskenderun's Battlesphe  Conj/Chrm      ########     1%          5    N/A
 Metabolic Englaciation   Hex/Ice        ########..   1%          5    N/A
 Summon Forest            Summ/Tloc      #######...   1%          5    N/A
 Venom Bolt               Conj/Pois      #######...   1%          5    N/A
 Bolt of Cold             Conj/Ice       ########..   1%          6    N/A
 Invisibility             Hex            #######.     1%          6    N/A
 Ozocubu's Refrigeration  Ice            ########..   1%          6    N/A
 Poison Arrow             Conj/Pois      #######...   1%          6    N/A
 Dragon Form              Tmut           ########..   1%          7    N/A
 Haunt                    Necr/Summ      ########..   1%          7    N/A
 Malign Gateway           Summ/Tloc      #######...   1%          7    N/A
 Monstrous Menagerie      Summ           ########..   1%          7    N/A
 Orb of Destruction       Conj           ########..   1%          7    N/A
 Ring of Flames           Chrm/Fire      ########..   1%          7    N/A
 Spellforged Servitor     Conj/Summ      ########..   1%          7    N/A
 Summon Greater Demon     Summ           ########..   1%          7    N/A
 Summon Hydra             Summ           ########..   1%          7    N/A
 Borgnjor's Revivificati  Necr           ########..   1%          8    N/A
 Infestation              Necr           ########..   1%          8    N/A
 Lehudib's Crystal Spear  Conj/Erth      ########..   1%          8    N/A
 Summon Horrible Things   Summ           ########..   1%          8    N/A
 Dragon's Call            Summ           ########..   1%          9    N/A
 Death's Door             Chrm/Necr      ########..   2%          8    N/A
 Fire Storm               Conj/Fire      ########..   6%          9    N/A
 Dispersal                Tloc           ######....   14%         6    N/A
 Discord                  Hex            #######...   14%         8    N/A
 Disjunction              Tloc           ######....   99%         8    N/A
 Blink                    Tloc           Unusable     N/A         2    N/A
 Passage of Golubria      Tloc           Unusable     N/A         4    N/A
 Controlled Blink         Tloc           Unusable     N/A         8    N/A

Dungeon Overview and Level Annotations

Branches:
Dungeon (15/15)            Temple (1/1) D:6            Lair (6/6) D:11
  Swamp (4/4) Lair:4       Spider (4/4) Lair:4        Slime (0/5) Lair:6
    Orc (2/2) D:9             Elf (3/3) Orc:2        Vaults (5/5) D:13
  Crypt (3/3) Vaults:2       Tomb (3/3) Crypt:3      Depths (5/5) D:15
   Hell (1/1)                 Zot (5/5) Depths:5
    Dis: Hell:1         Geh: Hell:1         Coc: Hell:1         Tar: Hell:1

Altars:
Ashenzari
Cheibriados
Dithmenos
Elyvilon
Fedhas
Gozag
Hepliaklqana
Kikubaaqudgha
Makhleb
Nemelex Xobeh
Okawaru
Qazlal
Ru
Sif Muna
Trog
Uskayaw
Vehumet
Wu Jian
Xom
Yredelemnul
Zin
The Shining One
Jiyva

Shops:
D:8 *   D:12 :   D:13 [=*:   Orc:1 (   Orc:2 }*:[(   Elf:1 [   Elf:3 ?
Vaults:3 (   Depths:4 =

Portals:
Hell: Lair:6 Depths:1 Depths:2 Depths:3 Depths:4 Depths:5
Abyss: Depths:4 Depths:5
Pandemonium: Depths:1 Depths:2 Depths:3 Depths:5
Ziggurat: Depths:1

Annotations:
Depths:3 2 runed translucent doors
Hell Geryon


Innate Abilities, Weirdness & Mutations

You cannot be hasted, slowed, berserked, paralysed or teleported.
You can dig through walls and to a lower floor.
Your four strong arms can wield two-handed weapons with a shield.
You have a pair of large antennae on your head. (SInv)
You have a somewhat thin skeletal structure. (Dex +2, Stealth)
You possess an exceptional clarity of mind.
Your mind is acute. (Int +2)
You have an increased reservoir of magic. (+10% MP)


Message History

Casting: Tornado (safe; 1% risk of failure)
Confirm with . or Enter, or press ? or * to list all spells.
The dungeon rumbles!
The Tzitzimitl is almost dead.
The winds around you calm down.
An Executioner comes into view.
Nothing appears to happen.
You channel some magical energy.
The Tzitzimitl gestures at you. The bolt of cold misses you.
You channel some magical energy.
The Tzitzimitl gestures at you.
You convulse!
Casting: Shatter (safe; 1% risk of failure)
Confirm with . or Enter, or press ? or * to list all spells.
A great vortex of raging winds appears and lifts you up.
The Tzitzimitl gestures at you.
You convulse!
You die...
Your body crumbles into a pile of gold.

.................................
.....(...........................
.........................>...#...
....................≈≈......##.##
.........#..........≈≈≈.....(<..#
.......##............≈≈...#.≈≈≈..
......#.......§§§§...≈≈.#...≈≈..≈
......>...≈....1§§§..≈≈..##.≈≈.≈≈
#.....≈≈≈≈≈...§§L§1......#.....≈≈
#...#....≈....§§§§§.......#......
#.####.........§.§§....:.........
#..##......<.....................
#...##...........................
#....#..................#........
.......................##........
......<....#....................#
..........###..........#.........


You could see a Tzitzimitl and an Executioner.

Vanquished Creatures
  23 ancient liches
  Khufu (Tomb:3)
  Mennas (Crypt:2)
  11 orbs of fire
  20 juggernauts
  Sojobo (Depths:5)
  Boris (twice) (Vaults:4 Depths:5)
  50 greater mummies
  31 Killer Klowns
  Frederick (Depths:5)
  10 shard shrikes
  Bai Suzhen (Swamp:3)
  23 caustic shrikes
  Margery (Depths:5)
  2 curse toes
  11 profane servitors
  40 golden dragons
  4 bone dragons
  8 pearl dragons
  15 Brimstone Fiends
  18 liches
  An iron giant (shapeshifter) (Zig:26)
  8 Tzitzimimeh
  The ghost of abarbat the Executioner, an adept MiBe of Trog (Vaults:1)
  5 iron giants
  3 electric golems
  12 hellephants
  Rupert (Lair:6)
  36 tentacled monstrosities
  5 Hell Sentinels
  20 Ice Fiends
  20 Orb Guardians
  4 quicksilver dragons (shapeshifter)
  48 deep elf blademasters
  18 titans
  14 quicksilver dragons
  46 pandemonium lords
  58 acid blobs
  18 sphinxes
  36 deep elf master archers
  6 death cobs
  22 ancient champions
  An eldritch tentacle (Zig:23)
  A sphinx (shapeshifter) (Zig:7)
  Kirke (Lair:5)
  5 tentacled starspawn
  A shadow dragon (shapeshifter) (Zig:26)
  6 Executioners
  Gastronok (Orc:1)
  12 thorn hunters
  Agnes (Spider:3)
  20 shadow dragons
  41 draconian monks
  2 storm dragons (shapeshifter)
  Donald (Elf:2)
  25 revenants
  19 azure jellies
  97 nagarajas
  9 blood saints
  12 tengu reavers
  9 storm dragons
  25 frost giants
  14 deep elf sorcerers
  7 daevas
  43 draconian knights
  4 iron dragons
  29 fire giants
  59 ghost moths
  38 orc warlords
  An azure jelly (shapeshifter) (Zig:23)
  3 frost giants (shapeshifter)
  37 draconian scorchers
  25 vault wardens
  8 cacodemons
  5 caustic shrike zombies
  Aizul (Swamp:3)
  39 draconian shifters
  13 balrugs
  14 curse skulls
  9 deep elf elementalists
  A spectral juggernaut (Zig:25)
  6 angels
  13 warmongers
  4 juggernaut zombies
  30 emperor scorpions
  33 draconian stormcallers
  26 ironheart preservers
  3 ghouls
  5 caustic shrike skeletons
  5 war gargoyles
  24 vampire knights
  45 very ugly things
  3 juggernaut skeletons
  39 draconian annihilators
  4 ophanim (Zig:7)
  16 black suns
  4 spriggan defenders
  25 reapers
  56 stone giants
  3 stone giants (shapeshifter)
  51 entropy weavers
  30 black draconians
  20 green draconians
  10 bennus
  20 red draconians
  26 purple draconians
  43 deep elf demonologists
  Azrael (D:12)
  5 apis
  18 dire elephants
  10 corrupters
  A spectral titan (Zig:25)
  A dire elephant (shapeshifter) (Zig:26)
  15 spark wasps
  35 yellow draconians
  8 lorocyprocas
  51 deep elf annihilators
  An ettin (shapeshifter) (Zig:12)
  23 eidola
  33 white draconians
  20 ettins
  A crystal guardian (Zig:6)
  35 blizzard demons
  10 merfolk javelineers
  35 mummy priests
  20 deep elf death magi
  2 quicksilver dragon zombies
  Snorg (D:14)
  3 death oozes
  Josephine (D:10)
  25 green deaths
  6 jiangshi
  A spectral golden dragon (Zig:25)
  18 fire dragons
  51 deep elf high priests
  93 hydras
  23 great orbs of eyes
  7 catoblepae
  4 merfolk impalers
  29 ice dragons
  35 vault guards
  13 anacondas
  18 naga warriors
  23 yaktaur captains
  7 rakshasas
  2 spriggan air magi
  A hydra (shapeshifter) (Zig:23)
  Erolcha (Orc:2)
  2 quicksilver dragon skeletons
  9 merfolk aquamancers
  23 ogre magi
  5 hell beasts
  36 shambling mangroves
  6 monstrous demonspawn
  2 merfolk avatars
  17 centaur warriors
  An alligator snapping turtle (shapeshifter) (Zig:7)
  2 spectral shadow dragons (Zig:25)
  22 alligators
  3 ghost crabs
  48 two-headed ogres
  A queen ant (shapeshifter) (Depths:1)
  3 anacondas (shapeshifter)
  6 death knights
  A death yak (shapeshifter) (Vaults:1)
  A satyr (Zig:20)
  A tengu warrior (Depths:1)
  17 vampire magi
  79 death scarabs
  18 deep troll shamans
  5 death yaks
  10 deep troll earth magi
  2 titan zombies
  5 spriggan berserkers
  4 storm dragon zombies
  48 orc high priests
  2 hell hogs (Zig:22)
  17 shock serpents
  27 naga sharpshooters
  23 soul eaters
  7 thrashing horrors
  6 titan skeletons
  23 shadow wraiths
  65 deep elf knights
  A spectral elf (Zig:25)
  10 spriggans
  12 wretched stars
  5 sixfirhies
  3 spark wasp zombies
  33 skeletal warriors
  3 sun demons
  An unseen horror (shapeshifter) (Depths:1)
  9 iron trolls
  A fire crab (shapeshifter) (Depths:4)
  16 hell knights
  2 infernal demonspawn
  5 unseen horrors
  3 spatial maelstroms
  An iron troll (shapeshifter) (Zig:26)
  5 storm dragon skeletons
  A glowing orange brain (shapeshifter) (Zig:12)
  9 salamander mystics
  9 golden dragon zombies
  40 swamp dragons
  8 cherubim
  9 shadow demons
  24 deep trolls
  11 spriggan druids
  3 shadow dragon zombies
  18 flayed ghosts
  2 swamp dragons (shapeshifter)
  4 lindwurms (Lair:5)
  12 naga ritualists
  12 obsidian statues
  10 starcursed masses
  3 gelid demonspawn
  17 death drakes
  An anaconda skeleton (Tomb:2)
  49 deep elf archers
  10 glowing orange brains
  4 tengu zombies
  7 wizards
  5 sphinx zombies
  2 lindwurms (shapeshifter) (Zig:14)
  28 phantasmal warriors
  7 golden dragon skeletons
  24 ironbrand convokers
  A harpy (Zig:20)
  12 orange crystal statues
  58 orb spiders
  3 wolf spider zombies
  79 wolf spiders
  23 necromancers
  30 orc knights
  40 orc sorcerers
  184 deep elf magi
  2 fire giant zombies (Crypt:3)
  3 orb spiders (shapeshifter)
  5 iron dragon zombies
  A faun (shapeshifter) (Zig:23)
  12 shining eyes
  A mana viper (shapeshifter) (Zig:12)
  3 wolf spiders (shapeshifter)
  3 sphinx skeletons
  15 mana vipers
  77 ugly things
  6 manticores
  A worldbinder (Zig:14)
  2 manticores (shapeshifter)
  6 oklob plants
  A stone giant zombie (Crypt:3)
  7 salamanders
  11 cyclopes
  2 shining eyes (shapeshifter)
  The ghost of grerr the Stinger, a novice OpVM of Qazlal (D:5)
  4 shadow dragon skeletons
  3 merfolk sirens
  An elephant (shapeshifter) (Zig:7)
  A frost giant zombie (Zig:13)
  A frost giant skeleton (Zig:9)
  4 fire giant skeletons
  4 iron dragon skeletons
  8 water nymphs
  5 spriggan zombies
  59 moths of wrath
  69 black mambas
  A toenail golem (Depths:5)
  17 apocalypse crabs
  7 elephants
  9 ice statues
  2 rust devils
  3 stone giant skeletons
  A dire elephant zombie (Crypt:1)
  35 vault sentinels
  14 smoke demons
  The ghost of ciphuk the Ogre Mage, a novice OgWz of Ashenzari (D:4)
  5 eyes of devastation
  3 gargoyles
  40 torpor snails
  31 naga magi
  A water nymph (shapeshifter) (Vaults:5)
  27 guardian serpents
  An eye of devastation (shapeshifter) (Zig:14)
  4 orange demons
  50 spiny frogs
  14 hellions
  An emperor scorpion zombie (Crypt:3)
  7 spriggan skeletons
  6 human zombies
  A death yak zombie (Lair:3)
  A purple draconian zombie (Tomb:1)
  15 elf skeletons
  A rime drake (shapeshifter) (Zig:23)
  17 rime drakes
  5 efreet
  49 demonic crawlers
  31 ice devils
  16 tormentors
  2 death yak skeletons
  71 guardian mummies
  21 freezing wraiths
  55 yaktaurs
  2 tengu conjurers (Depths:1)
  19 komodo dragons
  A yaktaur (shapeshifter) (Depths:1)
  A komodo dragon (shapeshifter) (Vaults:3)
  26 trolls
  20 merfolk
  64 jumping spiders
  5 hydra zombies
  21 hellwings
  6 meliai
  A merfolk (shapeshifter) (Zig:12)
  22 large abominations
  2 polar bears
  24 tyrant leeches
  7 ancient zymes
  6 red devils
  A queen bee (Spider:4)
  2 sphinx simulacra
  2 meliai (shapeshifter)
  6 wind drakes
  Prince Ribbit (Lair:3)
  A shadow dragon simulacrum (Vaults:3)
  A wind drake (shapeshifter) (Elf:3)
  94 hornets
  15 dream sheep
  21 hippogriffs
  3 hydra skeletons
  A snapping turtle (shapeshifter) (Vaults:3)
  2 polar bears (shapeshifter)
  3 raiju
  99 slime creatures
  3 dream sheep (shapeshifter)
  2 slime creatures (shapeshifter)
  23 bog bodies
  A guardian serpent zombie (Crypt:2)
  2 hippogriffs (shapeshifter)
  A harpy skeleton (Crypt:3)
  26 blink frogs
  A satyr zombie (Crypt:2)
  2 snapping turtles
  2 fire dragon skeletons (Crypt:3)
  A vampire (Zig:9)
  An alligator skeleton (Crypt:3)
  57 flying skulls
  23 water elementals
  6 ynoxinuls
  15 air elementals
  3 shadows
  2 black mamba zombies
  A redback (shapeshifter) (Vaults:5)
  103 redbacks
  A basilisk (shapeshifter) (D:14)
  4 spriggans (shapeshifter)
  An ettin skeleton (Crypt:3)
  4 tarantellas (shapeshifter)
  82 tarantellas
  33 ushabtiu
  23 wraiths
  7 wyverns
  60 yaks
  Grum (D:8)
  24 fire elementals
  3 hogs
  A black mamba skeleton (Lair:5)
  4 humans (Lair:6)
  22 chaos spawn
  2 yaktaur simulacra
  4 golden eyes
  5 hungry ghosts
  7 small abominations
  A steam dragon (D:13)
  8 basilisks
  2 humans (shapeshifter)
  A warg (shapeshifter) (Vaults:5)
  10 neqoxecs
  41 vampire mosquitoes
  15 swamp worms
  13 nagas
  12 insubstantial wisps
  2 soldier ants
  25 wargs
  2 spiny frog zombies (Lair:5)
  A soldier ant (shapeshifter) (Vaults:3)
  12 hell hounds
  An acid dragon (Vaults:1)
  29 water moccasins
  6 floating eyes
  A monstrous demonspawn skeleton (Tomb:1)
  2 floating eyes (shapeshifter)
  7 porcupines
  A black bear (D:11)
  5 spiny frog skeletons
  A black bear (shapeshifter) (Vaults:1)
  5 sky beasts
  25 swamp drakes
  138 orc warriors
  4 phantoms
  3 necrophages
  17 ice beasts
  13 wolves
  13 eyes of draining
  13 boggarts
  73 ogres
  30 centaurs
  44 crocodiles
  2 blink frog skeletons (Lair:2)
  A hog skeleton (Crypt:1)
  A crocodile (shapeshifter) (Zig:23)
  A hippogriff zombie (Lair:3)
  A komodo dragon zombie (Lair:2)
  7 big kobolds
  A rime drake skeleton (Lair:4)
  A gnoll sergeant (D:7)
  21 bullfrogs
  14 elf zombies
  4 komodo dragon skeletons
  22 earth elementals
  A hippogriff skeleton (Lair:4)
  3 water moccasin zombies
  2 wyvern zombies
  6 wyvern skeletons
  2 glowing shapeshifter simulacra
  7 scorpions
  A troll zombie (Crypt:3)
  2 water moccasin skeletons (Crypt:2)
  A polar bear zombie (Crypt:1)
  A raiju skeleton (Crypt:1)
  19 wights
  4 yak zombies
  4 howler monkeys
  2 yak skeletons (Lair:2)
  27 killer bees
  A vampire bat (Lair:2)
  10 electric eels
  A troll skeleton (Orc:1)
  6 centaur zombies
  5 crimson imps
  6 quasits
  14 hounds
  2 draconian simulacra (IceCv)
  8 bullfrog skeletons
  5 bullfrog zombies
  32 orc priests
  2 iron imps
  29 jellies
  4 centaur skeletons
  3 iguanas
  4 human skeletons
  34 orc wizards
  A porcupine zombie (Lair:6)
  A spriggan simulacrum (IceCv)
  15 worker ants
  A hell rat (Zig:24)
  3 troll simulacra (IceCv)
  5 porcupine skeletons
  A crocodile zombie (Lair:3)
  An ogre zombie (Crypt:3)
  3 centaur simulacra
  2 crocodile skeletons (Lair:1)
  2 tengu skeletons
  2 hound zombies
  2 hound skeletons
  105 mummies
  3 howler monkey zombies
  A worker ant zombie (D:5)
  A scorpion zombie (Crypt:1)
  17 gnolls
  11 adders
  2 ogre simulacra (IceCv)
  2 river rats (Sewer)
  4 shadow imps
  21 white imps
  3 ufetubi
  An ooze (D:2)
  An adder skeleton (D:8)
  8 worms
  A dart slug (D:2)
  7 leopard geckos
  94 orcs
  2 ball pythons (Sewer)
  2 giant cockroaches
  13 goblins
  10 hobgoblins
  8 jackals
  6 quokkas
  14 bats
  11 frilled lizards
  A frilled lizard skeleton (Crypt:1)
  22 kobolds
  2 quokka skeletons
  4 rats
  66 briar patches
  5 fungi
  10 plants
  2 starspawn tentacles (Zig:9)
  5 withered plants (Crypt:3)
7271 creatures vanquished.

Vanquished Creatures (collateral kills)
  A killer bee (D:11)
1 creature vanquished.

Vanquished Creatures (others)
  A pandemonium lord (Zig:18)
  2 Ice Fiends (Zig:12)
  An eldritch tentacle (Zig:23)
  3 deep elf master archers
  An Executioner (Zig:12)
  A draconian monk (Zig:25)
  A draconian knight (Zig:25)
  A draconian stormcaller (Zot:1)
  A black sun (Zig:12)
  80 dancing weapons
  2 deep elf knights
  A deep elf archer (Zig:4)
  2 deep elf magi (Zig:21)
  A wolf spider (Spider:4)
  A hornet (Zig:22)
  A polar bear (Lair:2)
  A blink frog (Swamp:4)
  A spriggan (Swamp:4)
  A fire elemental (Zig:27)
  An eye of draining (Zig:16)
  A centaur (D:12)
  A killer bee (D:11)
  An orc priest (Orc:1)
  An orc wizard (Temple)
  A white imp (Zig:6)
  A ball lightning (Zig:24)
  An orc (D:12)
  6 fungi
  34 plants
  A starspawn tentacle (Zig:9)
  A withered plant (Crypt:3)
153 creatures vanquished.

Grand Total: 7425 creatures vanquished

Notes
Turn   | Place    | Note
-------+----------+-------------------------------------------
     0 | D:1      | DildoBatman the Formicid Wizard began the quest for the
                  | Orb.
     0 | D:1      | Reached XP level 1. HP: 13/13 MP: 4/4
    61 | D:1      | Reached skill level 1 in Conjurations
   404 | D:1      | Reached XP level 2. HP: 19/19 MP: 3/6
  1010 | D:1      | Reached XP level 3. HP: 24/24 MP: 3/7
  1015 | D:1      | Learned a level 3 spell: Conjure Flame
  1019 | D:1      | Learned a level 3 spell: Mephitic Cloud
  1369 | D:2      | Found a glowing silver altar of Zin.
  1731 | D:2      | Reached XP level 4. HP: 27/30 MP: 0/8
  2403 | D:2      | Reached XP level 5. HP: 34/35 MP: 9/9
  3103 | D:3      | Reached XP level 6. HP: 41/41 MP: 3/10
  3339 | D:3      | Reached skill level 5 in Conjurations
  3833 | D:4      | Found a runed translucent door.
  3834 | D:4      | Noticed ciphuk's ghost (novice OgWz)
  4244 | D:4      | Found a shimmering altar of Xom.
  4247 | D:4      | Found an ancient bone altar of Kikubaaqudgha.
  4251 | D:4      | Became a worshipper of Kikubaaqudgha
  4255 | D:4      | Found a burning altar of Makhleb.
  4424 | D:4      | Reached skill level 1 in Shields
  4578 | D:4      | Reached XP level 7. HP: 39/46 MP: 8/11
  4700 | D:5      | Entered Level 5 of the Dungeon
  4732 | D:5      | Reached skill level 1 in Poison Magic
  4814 | D:5      | Reached skill level 1 in Fire Magic
  4868 | D:5      | Reached skill level 1 in Air Magic
  5030 | D:5      | Reached XP level 8. HP: 40/52 MP: 5/12
  5140 | D:5      | Reached * piety under Kikubaaqudgha
  5140 | D:5      | Identified Kikubaaqudgha's Papyrus of Necromancy
                  | (Kikubaaqudgha gifted it to you on level 5 of the Dungeon)
  5140 | D:5      | Received a gift from Kikubaaqudgha
  5145 | D:5      | Learned a level 2 spell: Sublimation of Blood
  5149 | D:5      | Learned a level 3 spell: Vampiric Draining
  5397 | D:5      | Found a transporter.
  5405 | D:5      | Noticed grerr's ghost (novice OpVM)
  5408 | D:5      | Found a transporter.
  5835 | D:6      | Found a glowing drain.
  5986 | D:6      | Found a white marble altar of Elyvilon.
  6013 | D:6      | Reached skill level 5 in Poison Magic
  6110 | D:6      | Found a staircase to the Ecumenical Temple.
  6175 | Sewer    | Entered a sewer
  6353 | Sewer    | Reached XP level 9. HP: 50/57 MP: 5/13
  6797 | Temple   | Entered the Ecumenical Temple
  7348 | D:7      | Reached skill level 1 in Polearms
  7366 | D:7      | Reached ** piety under Kikubaaqudgha
  7647 | D:7      | Reached skill level 5 in Spellcasting
  7786 | D:8      | Reached skill level 1 in Necromancy
  7898 | D:8      | Reached XP level 10. HP: 42/63 MP: 13/18
  8019 | D:8      | Noticed Grum
  8041 | D:8      | Killed Grum
  8070 | D:8      | Reached skill level 5 in Necromancy
  8076 | D:8      | Found a snail-covered altar of Cheibriados.
  8268 | D:8      | Found a sparkling altar of Nemelex Xobeh.
  8314 | D:8      | Reached *** piety under Kikubaaqudgha
  8314 | D:8      | Identified Kikubaaqudgha's Grimoire of Evil (Kikubaaqudgha
                  | gifted it to you on level 8 of the Dungeon)
  8314 | D:8      | Received a gift from Kikubaaqudgha
  8331 | D:8      | Learned a level 5 spell: Dispel Undead
  8391 | D:8      | Found Qymoob's Hallowed Reliquary.
  8393 | D:8      | Found a glowing silver altar of Zin.
  8395 | D:8      | Noticed an angel
  8923 | D:9      | Learned a level 5 spell: Borgnjor's Vile Clutch
  8961 | D:9      | Found a staircase to the Orcish Mines.
  9084 | D:9      | Reached skill level 1 in Earth Magic
  9538 | D:9      | Reached XP level 11. HP: 30/68 MP: 21/21
  9568 | D:9      | Gained mutation: You expend magic power (3 MP) to
                  | strengthen your wands. [potion of mutation]
  9568 | D:9      | Gained mutation: Your flesh is heat resistant. (rF+)
                  | [potion of mutation]
  9942 | D:10     | Entered Level 10 of the Dungeon
  9942 | D:10     | Noticed Josephine
  9954 | D:9      | Reached skill level 5 in Earth Magic
 10002 | D:9      | Reached **** piety under Kikubaaqudgha
 10151 | D:10     | Killed Josephine
 10320 | D:10     | Reached skill level 1 in Armour
 10320 | D:10     | Reached skill level 1 in Evocations
 10349 | D:10     | Reached skill level 1 in Fighting
 10676 | D:10     | Reached ***** piety under Kikubaaqudgha
 10939 | D:11     | Noticed a cyclops
 10987 | D:11     | HP: 3/72 [cyclops (29)]
 11013 | D:11     | Reached XP level 12. HP: 26/79 MP: 1/22
 11196 | D:11     | Found a frozen archway.
 11295 | IceCv    | Entered an ice cave
 11468 | IceCv    | Reached skill level 5 in Shields
 11502 | IceCv    | Reached skill level 5 in Stealth
 12046 | D:11     | Lost mutation: You expend magic power (3 MP) to strengthen
                  | your wands. [potion of mutation]
 12046 | D:11     | Lost mutation: Your flesh is heat resistant. (rF+) [potion
                  | of mutation]
 12046 | D:11     | Gained mutation: You are partially covered in molten
                  | scales. (AC +2) [potion of mutation]
 12046 | D:11     | Gained mutation: You are weak. (Str -2) [potion of
                  | mutation]
 12046 | D:11     | Gained mutation: You have very sharp teeth. [potion of
                  | mutation]
 12086 | D:11     | Found a staircase to the Lair.
 12443 | Orc:1    | Entered Level 1 of the Orcish Mines
 12463 | Orc:1    | Noticed Gastronok
 12467 | Orc:1    | Found Woog's Weapon Shoppe.
 12489 | Orc:1    | Killed Gastronok
 12710 | Orc:1    | Noticed an orc warlord
 12739 | Orc:1    | Killed an orc warlord
 12739 | Orc:1    | Reached XP level 13. HP: 31/90 MP: 5/23
 12904 | Orc:1    | Noticed an orc warlord
 12935 | Orc:1    | Killed an orc warlord
 12935 | Orc:1    | Reached skill level 5 in Fighting
 12935 | Orc:1    | Reached skill level 5 in Armour
 12935 | Orc:1    | Reached skill level 5 in Evocations
 13056 | Orc:1    | Reached ****** piety under Kikubaaqudgha
 13117 | D:9      | Received a gift from Kikubaaqudgha
 13192 | Temple   | Fell from the grace of Kikubaaqudgha
 13192 | Temple   | Became a worshipper of Gozag Ym Sagoz the Greedy
 13264 | D:4      | Killed ciphuk's ghost
 13264 | D:4      | Reached skill level 5 in Dodging
 13281 | D:4      | Got a fine quarterstaff
 13332 | D:5      | Killed grerr's ghost
 13549 | Orc:1    | Found a runed translucent door.
 13810 | Orc:1    | Identified the +11 quarterstaff of the Vulture {flame,
                  | Int+6} (You found it on level 4 of the Dungeon)
 13858 | Orc:1    | Found a runed translucent door.
 13860 | Orc:1    | Found the +10 large shield of Ignorance {rN+ Int-4}
 14005 | Orc:1    | Noticed a stone giant
 14377 | Lair:1   | Entered Level 1 of the Lair of Beasts
 14389 | Lair:1   | Noticed an eight-headed hydra
 14399 | Lair:1   | Killed an eight-headed hydra
 14447 | Lair:1   | Reached skill level 1 in Staves
 15349 | Lair:2   | Noticed a reaper
 15396 | Lair:2   | Noticed a five-headed hydra
 15402 | Lair:2   | Killed a five-headed hydra
 16093 | Lair:3   | Reached XP level 14. HP: 94/102 MP: 21/24
 16432 | Lair:3   | Noticed Prince Ribbit
 16454 | Lair:3   | Killed Prince Ribbit
 17400 | Lair:4   | Found a hole to the Spider Nest.
 17917 | Lair:4   | Reached skill level 10 in Fighting
 18007 | Lair:4   | Found a staircase to the Swamp.
 18434 | Lair:5   | Reached skill level 10 in Shields
 18707 | Lair:5   | Reached XP level 15. HP: 92/115 MP: 21/25
 18711 | Lair:5   | Noticed a reaper
 19515 | Lair:6   | Entered Level 6 of the Lair of Beasts
 19542 | Lair:6   | Noticed Kirke
 19627 | Lair:5   | Killed Kirke
 19681 | Lair:6   | Noticed Rupert
 19704 | Lair:6   | Killed Rupert
 20367 | Lair:6   | Was forgiven by Kikubaaqudgha
 20407 | Lair:6   | Found a viscous altar of Jiyva.
 20408 | Lair:6   | Found a staircase to the Slime Pits.
 20730 | Lair:6   | Found a burning altar of Makhleb.
 20758 | Lair:6   | Found a gateway to Hell.
 21056 | Lair:5   | Lost mutation: You are weak. (Str -2) [potion of mutation]
 21056 | Lair:5   | Gained mutation: You are weak. (Str -2) [potion of
                  | mutation]
 21056 | Lair:5   | Gained mutation: Your magical capacity is low. (-10% MP)
                  | [potion of mutation]
 21056 | Lair:5   | Gained mutation: You passively map a small area around you.
                  | [potion of mutation]
 21153 | Lair:5   | Got a pitted plate armour
 21427 | D:11     | Identified the +4 plate armour "Betwu" {*Contam rC+ Str+3
                  | Int+4} (You found it on level 5 of the Lair of Beasts)
 21552 | D:12     | Reached skill level 15 in Shields
 21622 | D:12     | Noticed Azrael
 21659 | D:12     | Killed Azrael
 21987 | D:12     | Found Lebb's Book Shoppe.
 22841 | Orc:1    | Reached XP level 16. HP: 122/122 MP: 11/25
 23398 | D:13     | Found a gate to the Vaults.
 23965 | D:14     | Reached skill level 10 in Earth Magic
 24087 | D:14     | Noticed Snorg
 24097 | D:14     | Killed Snorg
 24098 | D:14     | Noticed a fire giant
 24127 | D:14     | Reached skill level 10 in Necromancy
 24154 | D:14     | Killed a fire giant
 24553 | D:15     | Entered Level 15 of the Dungeon
 24623 | D:15     | HP: 6/122 [troll (3)]
 24867 | D:15     | Reached skill level 10 in Spellcasting
 25070 | D:15     | Reached XP level 17. HP: 128/128 MP: 20/28
 25642 | D:15     | Found a staircase to the Depths.
 25772 | Orc:2    | Entered Level 2 of the Orcish Mines
 25772 | Orc:2    | Found a staircase to the Elven Halls.
 25796 | Orc:2    | Found Nahiw's Antique Weapon Shop.
 25961 | Orc:2    | Found Orchait's Antique Armour Shoppe.
 26107 | Orc:2    | Found Kuawk's General Store.
 26107 | Orc:2    | Found Geruwn's Gadget Boutique.
 26109 | Orc:2    | Noticed Erolcha
 26117 | Orc:2    | Killed Erolcha
 26147 | Orc:2    | Bought a scroll of identify for 28 gold pieces
 26147 | Orc:2    | Bought a scroll of identify for 28 gold pieces
 26257 | Orc:2    | Found Tillef's Book Boutique.
 26469 | Orc:2    | Bought a +0 pair of boots for 63 gold pieces
 26517 | Orc:2    | Bought a book of Necromancy for 480 gold pieces
 26521 | Orc:2    | Learned a level 3 spell: Regeneration
 26587 | D:8      | Bought a potion of heal wounds for 70 gold pieces
 26587 | D:8      | Bought a potion of curing for 42 gold pieces
 26587 | D:8      | Bought a potion of curing for 42 gold pieces
 26587 | D:8      | Bought a potion of heal wounds for 70 gold pieces
 26587 | D:8      | Bought 2 potions of heal wounds for 140 gold pieces
 26587 | D:8      | Bought a potion of heal wounds for 70 gold pieces
 26684 | D:12     | Bought a book of the Sky for 975 gold pieces
 26684 | D:12     | Bought a book of the Earth for 975 gold pieces
 26694 | D:12     | Learned a level 9 spell: Shatter
 26890 | Swamp:1  | Entered Level 1 of the Swamp
 28104 | Swamp:2  | Reached XP level 18. HP: 83/134 MP: 20/30
 28174 | Swamp:2  | HP: 5/134 [shambling mangrove (12)]
 29114 | Swamp:3  | Noticed Bai Suzhen
 29122 | Swamp:3  | Found the cursed necklace of Bloodlust {*Rage +Rage MR++
                  | Int-3 Slay+6 *Curse}
 29144 | Swamp:3  | Killed Bai Suzhen
 29288 | Swamp:3  | Noticed Aizul
 29302 | Swamp:3  | Killed Aizul
 29810 | Swamp:4  | Entered Level 4 of the Swamp
 30750 | Swamp:4  | Got a decaying rune of Zot
 30813 | Swamp:4  | Reached XP level 19. HP: 140/140 MP: 19/32
 31399 | Spider:1 | Entered Level 1 of the Spider Nest
 31408 | Spider:1 | Reached skill level 15 in Necromancy
 31636 | Spider:1 | Got an ancient scale mail
 31659 | Spider:1 | Identified the +2 scale mail "Logumnuwk" {MR+ Int+3} (You
                  | found it on level 1 of the Spider Nest)
 31856 | Spider:2 | You fall through a shaft!
 32313 | Spider:3 | Noticed Agnes
 32327 | Spider:3 | Killed Agnes
 32528 | Spider:3 | Identified the Handbook of Aerial Creation
 33840 | Spider:4 | Entered Level 4 of the Spider Nest
 34224 | Spider:4 | Reached skill level 10 in Armour
 34692 | Spider:4 | Reached XP level 20. HP: 142/150 MP: 5/33
 35056 | Spider:4 | Got a gossamer rune of Zot
 35376 | Elf:1    | Entered Level 1 of the Elven Halls
 35839 | Elf:1    | Found Ovvaxil's Armour Shoppe.
 35860 | Elf:1    | Identified the +9 scythe of Uskayaw's Scorn {vamp, Str+3
                  | Int+4}
 35983 | Elf:1    | Identified Illajohu's Papyrus of Confrontation
 36529 | Elf:2    | Reached skill level 10 in Stealth
 36714 | Elf:2    | Learned a level 8 spell: Necromutation
 36841 | Elf:2    | Found a huge runed translucent gate.
 36841 | Elf:2    | Found a huge runed translucent gate.
 36842 | Elf:2    | Found a huge runed translucent gate.
 36904 | Elf:2    | Noticed Donald
 36917 | Elf:2    | Killed Donald
 37153 | Elf:2    | Found a huge runed translucent gate.
 37153 | Elf:2    | Found a huge runed translucent gate.
 37281 | Elf:2    | Reached skill level 10 in Evocations
 37286 | Elf:2    | Reached XP level 21. HP: 159/159 MP: 26/34
 37682 | Elf:3    | Entered Level 3 of the Elven Halls
 37731 | Elf:3    | Found Fuminla's Magic Scroll Boutique.
 37808 | Elf:3    | Identified the amulet "Guewuuraqo" {RegenMP rC+}
 37892 | Elf:3    | Bought a scroll of identify for 34 gold pieces
 37892 | Elf:3    | Bought a scroll of enchant armour for 127 gold pieces
 37892 | Elf:3    | Bought a scroll of acquirement for 884 gold pieces
 37892 | Elf:3    | Bought a scroll of identify for 34 gold pieces
 38026 | Elf:3    | Found the +2 pair of boots of the Assassin {Detection Stab+
                  | Stlth++}
 38030 | Elf:3    | Found the +2 shield of Resistance {rF+ rC+ MR+}
 38030 | Elf:3    | Found the +0 Maxwell's etheric cage {RegenMP+ *Contam rElec
                  | MP+4}
 38125 | Elf:3    | Identified the Papyrus of Contamination and Ice
 38459 | Elf:3    | Got a pair of pitted boots
 38644 | Elf:3    | Identified the +0 pair of boots of the Echidna {Slay+5}
                  | (You found it on level 3 of the Elven Halls)
 38686 | Elf:3    | Got a wizard robe
 38714 | Elf:3    | Identified the +2 robe of Masochism {Str+2} (You found it
                  | on level 3 of the Elven Halls)
 38726 | Elf:3    | Got a scorched glaive
 38740 | Elf:3    | Identified the +7 glaive "Elan" {chop, Dex+5} (You found it
                  | on level 3 of the Elven Halls)
 38997 | D:8      | Gained mutation: You are dopey. (Int -2) [mutagenic glow]
 39135 | Vaults:1 | Entered Level 1 of the Vaults
 39137 | Vaults:1 | Reached skill level 1 in Transmutations
 39402 | Vaults:1 | Reached XP level 22. HP: 118/165 MP: 28/35
 39562 | Vaults:1 | Noticed abarbat's ghost (adept MiBe)
 39566 | Vaults:1 | Found a runed translucent gate.
 39566 | Vaults:1 | Found a runed translucent gate.
 39567 | Vaults:1 | Found a runed translucent gate.
 39634 | Vaults:1 | Reached skill level 5 in Transmutations
 40159 | Vaults:1 | Found the +7 longbow "Piercer" {penet, EV-2}
 40162 | Vaults:1 | Reached skill level 10 in Transmutations
 40242 | Vaults:1 | Got a slimy sapphire amulet
 40300 | Vaults:1 | Got a pair of encrusted gloves
 40351 | Vaults:1 | Identified the +0 pair of gloves "Pyid" {Str-2 Int+2 Dex+2
                  | SInv} (You found it on level 1 of the Vaults)
 40371 | Vaults:1 | Identified the amulet "Uptao" {Faith rN+} (You found it on
                  | level 1 of the Vaults)
 40456 | Vaults:1 | Killed abarbat's ghost
 40984 | Vaults:2 | Reached XP level 23. HP: 112/171 MP: 20/36
 41561 | Vaults:2 | Found a staircase to the Crypt.
 42005 | Vaults:3 | Reached skill level 15 in Transmutations
 42671 | Vaults:3 | Found Mampufra's Weapon Emporium.
 43412 | Vaults:4 | Got a vibrating copper ring
 43437 | Vaults:4 | Noticed Boris
 43447 | Vaults:4 | Killed Boris
 43517 | Vaults:4 | Reached XP level 24. HP: 178/178 MP: 29/36
 44255 | Vaults:4 | Identified the ring "Fybraege" {Fire Str+7 Int+4} (You
                  | found it on level 4 of the Vaults)
 44259 | Vaults:4 | Lost mutation: Your magical capacity is low. (-10% MP)
                  | [potion of mutation]
 44259 | Vaults:4 | Lost mutation: You are dopey. (Int -2) [potion of mutation]
 44259 | Vaults:4 | Lost mutation: You are weak. (Str -2) [potion of mutation]
 44259 | Vaults:4 | Gained mutation: You are weak. (Str -2) [potion of
                  | mutation]
 44259 | Vaults:4 | Gained mutation: You are resistant to electric shocks.
                  | (rElec) [potion of mutation]
 44378 | Crypt:1  | Entered Level 1 of the Crypt
 45035 | Crypt:1  | Reached skill level 15 in Earth Magic
 45326 | Crypt:2  | Identified the Tome of Ignition and Poisoning
 45657 | Crypt:2  | Noticed Mennas
 45675 | Crypt:2  | Killed Mennas
 45864 | Crypt:3  | Entered Level 3 of the Crypt
 46114 | Crypt:3  | Reached XP level 25. HP: 184/184 MP: 34/40
 46133 | Crypt:3  | Got a faintly glowing gossamer ring
 46135 | Crypt:3  | Got a translucent wooden ring
 46135 | Crypt:3  | Got a transparent ivory ring
 46135 | Crypt:3  | Got a heavily runed lead ring
 47062 | Crypt:3  | Found a staircase to the Tomb.
 47228 | Crypt:3  | Found an ancient bone altar of Kikubaaqudgha.
 47626 | Crypt:3  | Noticed an ancient lich
 47632 | Crypt:3  | Killed an ancient lich
 47735 | Crypt:3  | Got a crystal shortbow
 47738 | Crypt:3  | Got a dazzling hand crossbow
 47950 | Crypt:3  | Identified the +10 shortbow "Hatuosm" {speed, Dex+2 Stlth+}
                  | (You found it on level 3 of the Crypt)
 47952 | Crypt:3  | Identified the +7 hand crossbow "Orhem" {elec, rElec rPois
                  | MR++} (You found it on level 3 of the Crypt)
 47955 | Crypt:3  | Identified the ring "Ofughat" {+Fly rF+ Int+2} (You found
                  | it on level 3 of the Crypt)
 47958 | Crypt:3  | Identified the ring of Zoissew {+Fly rN+ Str+7} (You found
                  | it on level 3 of the Crypt)
 47961 | Crypt:3  | Identified the ring "Movokh" {rN+ Stlth+} (You found it on
                  | level 3 of the Crypt)
 47964 | Crypt:3  | Identified the ring "Xompour" {rN+ MR+ MP+9 Int+7 Stlth-}
                  | (You found it on level 3 of the Crypt)
 48253 | Tomb:1   | Entered Level 1 of the Tomb of the Ancients
 48818 | Tomb:1   | Noticed a greater mummy
 48834 | Tomb:1   | Killed a greater mummy
 49169 | Tomb:1   | Noticed a greater mummy
 49172 | Tomb:1   | Noticed a greater mummy
 49173 | Tomb:1   | Noticed a greater mummy
 49178 | Tomb:1   | Noticed a greater mummy
 49178 | Tomb:1   | Noticed a greater mummy
 49180 | Tomb:1   | Noticed a greater mummy
 49181 | Tomb:1   | Noticed a greater mummy
 49183 | Tomb:1   | Noticed a greater mummy
 49188 | Tomb:1   | Killed a greater mummy
 49190 | Tomb:1   | Killed a greater mummy
 49192 | Tomb:1   | Killed a greater mummy
 49192 | Tomb:1   | Reached XP level 26. HP: 125/191 MP: 10/40
 49194 | Tomb:1   | Killed a greater mummy
 49194 | Tomb:1   | Killed a greater mummy
 49204 | Tomb:1   | Killed a greater mummy
 49204 | Tomb:1   | Killed a greater mummy
 49222 | Tomb:1   | Killed a greater mummy
 49374 | Tomb:1   | Noticed a greater mummy
 49402 | Tomb:1   | Killed a greater mummy
 49416 | Tomb:1   | Noticed a greater mummy
 49417 | Tomb:1   | Noticed a greater mummy
 49419 | Tomb:1   | Noticed a greater mummy
 49420 | Tomb:1   | Noticed a greater mummy
 49420 | Tomb:1   | Noticed a greater mummy
 49422 | Tomb:1   | Noticed a greater mummy
 49430 | Tomb:1   | Killed a greater mummy
 49430 | Tomb:1   | Killed a greater mummy
 49431 | Tomb:1   | Killed a greater mummy
 49432 | Tomb:1   | Killed a greater mummy
 49436 | Tomb:1   | Killed a greater mummy
 49443 | Tomb:1   | Killed a greater mummy
 49695 | Tomb:2   | Noticed a greater mummy
 49695 | Tomb:2   | Noticed a greater mummy
 49698 | Tomb:2   | Noticed an ancient lich
 49700 | Tomb:2   | Noticed an ancient lich
 49701 | Tomb:2   | Killed an ancient lich
 49702 | Tomb:2   | Killed an ancient lich
 49702 | Tomb:2   | Noticed a greater mummy
 49706 | Tomb:2   | Killed a greater mummy
 49711 | Tomb:2   | Killed a greater mummy
 49731 | Tomb:2   | Killed a greater mummy
 49731 | Tomb:2   | Reached XP level 27. HP: 141/197 MP: 4/40
 50464 | Tomb:3   | Entered Level 3 of the Tomb of the Ancients
 50504 | Tomb:3   | Noticed a greater mummy
 50512 | Tomb:3   | Killed a greater mummy
 50514 | Tomb:3   | Noticed a greater mummy
 50520 | Tomb:3   | Killed a greater mummy
 50520 | Tomb:3   | Noticed a greater mummy
 50522 | Tomb:3   | Noticed a greater mummy
 50532 | Tomb:3   | Killed a greater mummy
 50534 | Tomb:3   | Killed a greater mummy
 50570 | Tomb:3   | Reached skill level 15 in Spellcasting
 50575 | Tomb:3   | Noticed a greater mummy
 50581 | Tomb:3   | Learned a level 9 spell: Tornado
 50585 | Tomb:3   | Noticed a greater mummy
 50588 | Tomb:3   | Noticed a greater mummy
 50590 | Tomb:3   | Identified Ryfe's Almanac of Lucky Flames
 50592 | Tomb:3   | Killed a greater mummy
 50600 | Tomb:3   | Killed a greater mummy
 50600 | Tomb:3   | Reached skill level 5 in Air Magic
 50604 | Tomb:3   | Noticed Khufu
 50608 | Tomb:3   | Killed a greater mummy
 50610 | Tomb:3   | Killed Khufu
 51030 | Tomb:3   | Found the +2 ratskin cloak {+Rats rPois rN+ Str-1 Int-1
                  | Dex+1}
 51066 | Tomb:3   | Identified the Almanac of Unholy Rites and Snow
 51147 | Tomb:3   | Noticed a greater mummy
 51159 | Tomb:3   | Killed a greater mummy
 51295 | Tomb:3   | Got a golden rune of Zot
 51351 | Tomb:3   | Got an encrusted trident
 51353 | Tomb:3   | Got a jewelled ring mail
 51360 | Tomb:3   | Got a distressingly furry plate armour
 51368 | Tomb:3   | Got an ancient hand axe
 51399 | Tomb:3   | Got a steaming chain mail
 51402 | Tomb:3   | Identified the +8 trident "Fexubav" {elec, MR+} (You found
                  | it on level 3 of the Tomb of the Ancients)
 51404 | Tomb:3   | Identified the cursed +2 hand axe "Arbiter" {antimagic,
                  | rElec rPois rC- Int+3} (You found it on level 3 of the Tomb
                  | of the Ancients)
 51421 | Tomb:3   | Identified the +9 ring mail of the Nightingale {rN+ Int+3
                  | Dex+2 Stlth+} (You found it on level 3 of the Tomb of the
                  | Ancients)
 51447 | Tomb:3   | Identified the cursed +0 chain mail of the Desolation of
                  | Salt {-Tele +Inv rPois MR-} (You found it on level 3 of the
                  | Tomb of the Ancients)
 51459 | Tomb:3   | Identified the +0 plate armour "Ydoraget" {rC+} (You found
                  | it on level 3 of the Tomb of the Ancients)
 51558 | Tomb:3   | Got a smoking leather armour
 51929 | Vaults:4 | Identified the +1 leather armour of Watchfulness {Dex+2}
                  | (You found it on level 3 of the Tomb of the Ancients)
 51972 | Vaults:5 | Entered Level 5 of the Vaults
 51972 | Vaults:5 | Noticed an ancient lich
 51978 | Vaults:5 | Killed an ancient lich
 52013 | Vaults:4 | Reached skill level 10 in Air Magic
 52669 | Vaults:5 | Got a scorched plate armour
 52672 | Vaults:5 | Got crude fire dragon scales
 52770 | Vaults:5 | Identified the +0 plate armour of Tymecwua {Int+2} (You
                  | found it on level 5 of the Vaults)
 52781 | Vaults:5 | Identified the cursed +1 fire dragon scales of Miedehott
                  | {rF++ rC- Stlth+} (You found it on level 5 of the Vaults)
 52832 | Vaults:5 | Got an ichor-stained arbalest
 52868 | Vaults:5 | Got a heavily runed brass ring
 53052 | Vaults:5 | Got an ichor-stained chain mail
 53240 | Vaults:5 | Identified the cursed +0 arbalest "Leoz" {flame, +Fly rC+
                  | Int+2 Stlth+} (You found it on level 5 of the Vaults)
 53276 | Vaults:5 | Identified the +0 chain mail of the Komodo Dragon {rF+ rC+
                  | Int-4} (You found it on level 5 of the Vaults)
 53293 | Vaults:5 | Identified the ring of Welob {*Corrode rPois Int+3 SInv}
                  | (You found it on level 5 of the Vaults)
 53303 | Vaults:5 | Got a silver rune of Zot
 53484 | Vaults:5 | Got a slimy platinum amulet
 53536 | Vaults:5 | Got a slimy morningstar
 53820 | D:13     | Identified the +6 morningstar of Breach {crush, rC++ Dex+3
                  | SInv} (You found it on level 5 of the Vaults)
 53827 | D:13     | Identified the amulet "Juqomaoll" {Reflect rF+ MR++ Str+4
                  | SH+2} (You found it on level 5 of the Vaults)
 53848 | D:13     | Got a pair of bloodstained boots
 53859 | D:13     | Identified the +0 pair of boots of the Ward {rC+ Int+3}
                  | (You acquired it on level 13 of the Dungeon)
 53875 | D:13     | Learned a level 3 spell: Ozocubu's Armour
 53882 | D:13     | Learned a level 6 spell: Darkness
 53893 | D:13     | Bought a book of the Tempests for 1820 gold pieces
 53893 | D:13     | Bought a book of Summonings for 1820 gold pieces
 53899 | D:13     | Learned a level 5 spell: Aura of Abjuration
 53908 | D:13     | Learned a level 8 spell: Ignition
 53910 | D:13     | Bought a potion of heal wounds for 125 gold pieces
 53910 | D:13     | Bought a potion of curing for 75 gold pieces
 53914 | D:13     | Bought a glowing cloak for 270 gold pieces
 53914 | D:13     | Bought a runed cloak for 270 gold pieces
 53914 | D:13     | Bought the +18 shield of the Gong {rElec rN+ MR+ EV-5} for
                  | 3502 gold pieces
 53914 | D:13     | Found the +18 shield of the Gong {rElec rN+ MR+ EV-5}
 53914 | D:13     | Bought the +3 robe of Clouds {+Thunder rCloud rElec} for
                  | 1069 gold pieces
 53914 | D:13     | Found the +3 robe of Clouds {+Thunder rCloud rElec}
 53914 | D:13     | Bought a pair of embroidered boots for 270 gold pieces
 53977 | Zig:1    | Entered Level 1 of a ziggurat
 53979 | Zig:1    | Reached skill level 1 in Hexes
 54012 | Zig:2    | Entered Level 2 of a ziggurat
 54013 | Zig:2    | Noticed a Killer Klown
 54018 | Zig:2    | Killed a Killer Klown
 54045 | Zig:3    | Entered Level 3 of a ziggurat
 54084 | Zig:4    | Entered Level 4 of a ziggurat
 54151 | Zig:4    | Reached skill level 5 in Hexes
 54151 | Zig:4    | Reached skill level 5 in Summonings
 54157 | Zig:5    | Entered Level 5 of a ziggurat
 54162 | Zig:5    | Noticed a greater mummy
 54167 | Zig:5    | Killed a greater mummy
 54241 | Zig:6    | Entered Level 6 of a ziggurat
 54295 | Zig:6    | Got a distressingly furry robe
 54312 | Zig:7    | Entered Level 7 of a ziggurat
 54565 | Zig:8    | Entered Level 8 of a ziggurat
 54575 | Zig:8    | Found the +9 staff of Olgreb {rPois}
 54583 | Zig:8    | Identified the Guide on Attacks
 54589 | Zig:8    | Identified the Guide on Attacks
 54622 | Zig:9    | Entered Level 9 of a ziggurat
 54671 | Zig:9    | Got a pitted golden ring
 54703 | Zig:9    | Got a crude pewter ring
 54734 | Zig:9    | Identified the ring of Xomouva {Wiz +Blink rElec rN+ Str+4}
                  | (You found it on level 9 of a ziggurat)
 54736 | Zig:9    | Identified the ring of Miracles {rC+ Str+3} (You found it
                  | on level 9 of a ziggurat)
 54741 | Zig:9    | Lost mutation: You are weak. (Str -2) [potion of mutation]
 54741 | Zig:9    | Lost mutation: You are resistant to electric shocks.
                  | (rElec) [potion of mutation]
 54741 | Zig:9    | Gained mutation: Your spells are a little harder to cast,
                  | but a little more powerful. [potion of mutation]
 54741 | Zig:9    | Gained mutation: You are robust. (+10% HP) [potion of
                  | mutation]
 54741 | Zig:9    | Lost mutation: You are robust. (+10% HP) [potion of
                  | mutation]
 54741 | Zig:9    | Gained mutation: You have large cloven feet. [potion of
                  | mutation]
 54756 | Zig:10   | Entered Level 10 of a ziggurat
 54772 | Zig:10   | Reached skill level 10 in Hexes
 54810 | Zig:10   | Identified the Collected Works on Shape Shifting and Toxins
 54831 | Zig:11   | Entered Level 11 of a ziggurat
 54920 | Zig:12   | Entered Level 12 of a ziggurat
 54940 | Zig:12   | Identified the +6 large shield of Sedearchargh {Slay+2}
 54949 | Zig:12   | Reached skill level 10 in Summonings
 55185 | Zig:12   | Learned a level 3 spell: Regeneration
 55200 | Zig:13   | Entered Level 13 of a ziggurat
 55218 | Zig:13   | Noticed a juggernaut
 55222 | Zig:13   | Killed a juggernaut
 55222 | Zig:13   | Reached skill level 15 in Air Magic
 55267 | Zig:13   | Identified the Reference Book on Dislocated Good Luck
 55274 | Zig:13   | Got a steaming steel ring
 55321 | Zig:14   | Entered Level 14 of a ziggurat
 55419 | Zig:14   | Identified the ring of Spontaneous Combustion {*Corrode
                  | +Blink rC+ Str+3 Slay+5} (You found it on level 13 of a
                  | ziggurat)
 55422 | Zig:14   | Got a coiled wooden ring
 55426 | Zig:14   | Identified the ring of Wyenokeh {rF+ EV+3 Str+3 Dex-4
                  | Stlth+} (You found it on level 14 of a ziggurat)
 55434 | Zig:14   | Got a bound bronze ring
 55487 | Zig:15   | Entered Level 15 of a ziggurat
 55509 | Zig:15   | Noticed Xitaxarr the pandemonium lord
 55546 | Zig:15   | Killed Xitaxarr the pandemonium lord
 55592 | Zig:15   | Identified the Incunabulum of Cold and Aid
 55608 | Zig:15   | Identified the Almanac of Calling and Necromancy
 55636 | Zig:15   | Identified the ring "Noazi" {Fire rN+ MR+ Str+3 Dex-2} (You
                  | found it on level 14 of a ziggurat)
 55675 | Zig:16   | Entered Level 16 of a ziggurat
 55716 | Zig:16   | Found the +8 autumn katana {slice, Clar}
 55854 | Zig:17   | Entered Level 17 of a ziggurat
 55879 | Zig:17   | Noticed a shard shrike
 55880 | Zig:17   | Noticed a shard shrike
 55881 | Zig:17   | Found the +3 sling "Punk" {acid, rCorr}
 55885 | Zig:17   | Killed a shard shrike
 55886 | Zig:17   | Killed a shard shrike
 56048 | Zig:18   | Entered Level 18 of a ziggurat
 56188 | Zig:18   | Got a clouded steel ring
 56194 | Zig:18   | Got a scintillating bone ring
 56226 | Zig:18   | Got a fine turquoise ring
 56286 | Zig:18   | Identified the ring of the Median {rPois MR++ Dex+6} (You
                  | found it on level 18 of a ziggurat)
 56288 | Zig:18   | Identified the ring "Dofodel" {+Fly rF+ rN+ Dex+2 Slay+2}
                  | (You found it on level 18 of a ziggurat)
 56290 | Zig:18   | Identified the ring "Ybemn" {rC++ MP-9 Str+4 Int+2 Dex+4}
                  | (You found it on level 18 of a ziggurat)
 56316 | Zig:19   | Entered Level 19 of a ziggurat
 56528 | Zig:19   | Lost mutation: You are partially covered in molten scales.
                  | (AC +2) [potion of mutation]
 56528 | Zig:19   | Lost mutation: You have very sharp teeth. [potion of
                  | mutation]
 56528 | Zig:19   | Lost mutation: You have large cloven feet. [potion of
                  | mutation]
 56528 | Zig:19   | Gained mutation: You are resistant to hostile enchantments.
                  | (MR+) [potion of mutation]
 56528 | Zig:19   | Gained mutation: You have sharp toenails. [potion of
                  | mutation]
 56529 | Zig:19   | Lost mutation: You have sharp toenails. [potion of
                  | mutation]
 56529 | Zig:19   | Lost mutation: Your spells are a little harder to cast, but
                  | a little more powerful. [potion of mutation]
 56529 | Zig:19   | Gained mutation: You are partially covered in molten
                  | scales. (AC +2) [potion of mutation]
 56529 | Zig:19   | Gained mutation: You have large cloven feet. [potion of
                  | mutation]
 56529 | Zig:19   | Gained mutation: You are agile. (Dex +2) [potion of
                  | mutation]
 56530 | Zig:19   | Lost mutation: You are resistant to hostile enchantments.
                  | (MR+) [potion of mutation]
 56530 | Zig:19   | Lost mutation: You have large cloven feet. [potion of
                  | mutation]
 56530 | Zig:19   | Gained mutation: You are partially covered in yellow
                  | scales. (AC +2) [potion of mutation]
 56531 | Zig:19   | Lost mutation: You are agile. (Dex +2) [potion of mutation]
 56531 | Zig:19   | Lost mutation: You passively map a small area around you.
                  | [potion of mutation]
 56531 | Zig:19   | Gained mutation: You have sharp toenails. [potion of
                  | mutation]
 56531 | Zig:19   | Gained mutation: Your system is resistant to poisons.
                  | (rPois) [potion of mutation]
 56540 | Zig:20   | Entered Level 20 of a ziggurat
 56572 | Zig:20   | Noticed a juggernaut
 56572 | Zig:20   | Noticed a juggernaut
 56573 | Zig:20   | Noticed a juggernaut
 56573 | Zig:20   | Noticed a juggernaut
 56573 | Zig:20   | Noticed a juggernaut
 56575 | Zig:20   | Noticed a juggernaut
 56576 | Zig:20   | Killed a juggernaut
 56576 | Zig:20   | Killed a juggernaut
 56576 | Zig:20   | Killed a juggernaut
 56576 | Zig:20   | Killed a juggernaut
 56577 | Zig:20   | Killed a juggernaut
 56588 | Zig:20   | Killed a juggernaut
 56624 | Zig:20   | Got a coiled wooden ring
 56638 | Zig:20   | Identified Piteycvom's Tome of Excruciating Clay
 56746 | Zig:20   | Identified the ring "Quptacha" {MR+ Int+5} (You found it on
                  | level 20 of a ziggurat)
 56758 | Zig:21   | Entered Level 21 of a ziggurat
 56775 | Zig:21   | Noticed a juggernaut
 56776 | Zig:21   | Noticed a juggernaut
 56779 | Zig:21   | Noticed a juggernaut
 56780 | Zig:21   | Noticed a juggernaut
 56780 | Zig:21   | Noticed a juggernaut
 56782 | Zig:21   | Noticed a juggernaut
 56782 | Zig:21   | Noticed a juggernaut
 56782 | Zig:21   | Noticed a juggernaut
 56784 | Zig:21   | Killed a juggernaut
 56784 | Zig:21   | Killed a juggernaut
 56785 | Zig:21   | Killed a juggernaut
 56785 | Zig:21   | Killed a juggernaut
 56785 | Zig:21   | Killed a juggernaut
 56785 | Zig:21   | Killed a juggernaut
 56790 | Zig:21   | Noticed a juggernaut
 56796 | Zig:21   | Killed a juggernaut
 56810 | Zig:21   | Killed a juggernaut
 56815 | Zig:21   | Killed a juggernaut
 56942 | Zig:21   | Got a steaming graven amulet
 56945 | Zig:21   | Identified the Compendium of Vitriolic Moulding
 56955 | Zig:21   | Identified Paumaics's Handbook of Enhancements and the
                  | Blaze
 56964 | Zig:21   | Identified the Catalogue of Fire and Slavery
 56987 | Zig:21   | Identified the amulet "Zaib" {Acrobat Fragile rC+ MR++
                  | Dex+4} (You found it on level 21 of a ziggurat)
 56998 | Zig:22   | Entered Level 22 of a ziggurat
 57069 | Zig:22   | Found the +5 robe of Night {Dark MR+ SInv}
 57143 | Zig:22   | Identified Sif Muna's Almanac of Dark Envenoming
 57148 | Zig:22   | Identified Sinwaudgh's Incunabulum of Fetching Darkness
 57246 | Zig:23   | Entered Level 23 of a ziggurat
 57274 | Zig:23   | Noticed a shard shrike
 57282 | Zig:23   | Killed a shard shrike
 57293 | Zig:23   | Noticed a shard shrike
 57311 | Zig:23   | Killed a shard shrike
 57450 | Zig:23   | Identified the Volume of Summoning and Good Luck
 57465 | Zig:23   | Got a transparent bone ring
 57473 | Zig:23   | Got a coiled granite ring
 57558 | Zig:23   | Identified the ring "Eroassop" {EV+4 Int+9 Dex-5} (You
                  | found it on level 23 of a ziggurat)
 57560 | Zig:23   | Identified the ring "Ogonish" {*Tele rElec MP+9} (You found
                  | it on level 23 of a ziggurat)
 57587 | Zig:24   | Entered Level 24 of a ziggurat
 57874 | Zig:24   | Got a steaming lapis lazuli ring
 57892 | Zig:24   | Got a polished cloak
 57907 | Zig:24   | Identified the +0 cloak "Podaz" {-Tele rPois rF+ rN+} (You
                  | found it on level 24 of a ziggurat)
 57919 | Zig:24   | Identified the ring of Reimbursement {Str+5 Slay+2} (You
                  | found it on level 24 of a ziggurat)
 57936 | Zig:25   | Entered Level 25 of a ziggurat
 57973 | Zig:25   | Reached skill level 10 in Dodging
 58119 | Zig:25   | Found the +27 Lear's hauberk
 58138 | Zig:25   | Got a sparkling silver ring
 58145 | Zig:25   | Identified the Collected Works on the Volcanoes and
                  | Talismans
 58147 | Zig:25   | Identified the Almanac of Hurtful Snow
 58153 | Zig:25   | Got a vibrating lead amulet
 58155 | Zig:25   | Got a coiled golden ring
 58163 | Zig:25   | Got a heavily runed marble ring
 58240 | Zig:25   | Identified the ring of Obsession {Fire -Tele Str+5} (You
                  | found it on level 25 of a ziggurat)
 58242 | Zig:25   | Identified the ring "Xavot" {rN+ SInv} (You found it on
                  | level 25 of a ziggurat)
 58244 | Zig:25   | Identified the amulet "Foh Jopn" {rPois rN+ Regen+ Int-4
                  | Slay+6} (You found it on level 25 of a ziggurat)
 58246 | Zig:25   | Identified the ring of Taimuus {EV+4 Str+4} (You found it
                  | on level 25 of a ziggurat)
 58268 | Zig:25   | Got translucent fire dragon scales
 58279 | Zig:25   | Identified the +5 fire dragon scales of Ciacoig {rF++ rC-
                  | Str+5} (You found it on level 25 of a ziggurat)
 58297 | Zig:26   | Entered Level 26 of a ziggurat
 58315 | Zig:26   | Noticed a Killer Klown
 58340 | Zig:26   | Killed a Killer Klown
 58349 | Zig:26   | Noticed Okim the pandemonium lord
 58351 | Zig:26   | Noticed a Killer Klown
 58356 | Zig:26   | Noticed a Killer Klown
 58356 | Zig:26   | Noticed Gelol the pandemonium lord
 58358 | Zig:26   | Killed Okim the pandemonium lord
 58360 | Zig:26   | Killed a Killer Klown
 58368 | Zig:26   | Noticed Zaagu the pandemonium lord
 58369 | Zig:26   | Noticed Nacun the pandemonium lord
 58369 | Zig:26   | Noticed Pifeky the pandemonium lord
 58369 | Zig:26   | Noticed Kaqijan the pandemonium lord
 58370 | Zig:26   | Noticed a Killer Klown
 58371 | Zig:26   | Noticed Wobru the pandemonium lord
 58372 | Zig:26   | Noticed a Killer Klown
 58374 | Zig:26   | Killed Gelol the pandemonium lord
 58374 | Zig:26   | Noticed Koidar the pandemonium lord
 58375 | Zig:26   | Noticed Nimusatt the pandemonium lord
 58375 | Zig:26   | Noticed a Killer Klown
 58376 | Zig:26   | Killed Nacun the pandemonium lord
 58376 | Zig:26   | Reached skill level 15 in Dodging
 58376 | Zig:26   | Killed a Killer Klown
 58376 | Zig:26   | Noticed Nyll the pandemonium lord
 58376 | Zig:26   | Noticed Nacer the pandemonium lord
 58377 | Zig:26   | Noticed Beselooqy the pandemonium lord
 58380 | Zig:26   | Killed Pifeky the pandemonium lord
 58380 | Zig:26   | Killed a Killer Klown
 58380 | Zig:26   | Killed a Killer Klown
 58380 | Zig:26   | Noticed a Killer Klown
 58380 | Zig:26   | Noticed a Killer Klown
 58381 | Zig:26   | Killed Koidar the pandemonium lord
 58381 | Zig:26   | Killed Nacer the pandemonium lord
 58382 | Zig:26   | Noticed a Killer Klown
 58383 | Zig:26   | Killed Zaagu the pandemonium lord
 58383 | Zig:26   | Killed Nimusatt the pandemonium lord
 58384 | Zig:26   | Noticed a Killer Klown
 58384 | Zig:26   | Killed Kaqijan the pandemonium lord
 58384 | Zig:26   | Killed Nyll the pandemonium lord
 58386 | Zig:26   | Killed a Killer Klown
 58386 | Zig:26   | Killed Wobru the pandemonium lord
 58387 | Zig:26   | Killed Beselooqy the pandemonium lord
 58387 | Zig:26   | Killed a Killer Klown
 58387 | Zig:26   | Killed a Killer Klown
 58392 | Zig:26   | Killed a Killer Klown
 58397 | Zig:26   | Noticed Zeroni the pandemonium lord
 58398 | Zig:26   | Noticed Qakod the pandemonium lord
 58400 | Zig:26   | Noticed a Killer Klown
 58400 | Zig:26   | Noticed Ydusom the pandemonium lord
 58402 | Zig:26   | Noticed Dyeruv the pandemonium lord
 58404 | Zig:26   | Killed a Killer Klown
 58406 | Zig:26   | Killed Zeroni the pandemonium lord
 58408 | Zig:26   | Killed Qakod the pandemonium lord
 58409 | Zig:26   | Noticed Paetuc the pandemonium lord
 58412 | Zig:26   | Noticed Rykoq the pandemonium lord
 58413 | Zig:26   | Killed Ydusom the pandemonium lord
 58415 | Zig:26   | Killed Paetuc the pandemonium lord
 58415 | Zig:26   | Killed Dyeruv the pandemonium lord
 58418 | Zig:26   | Killed Rykoq the pandemonium lord
 58689 | Zig:27   | Entered Level 27 of a ziggurat
 58723 | Zig:27   | Reached skill level 27 in Air Magic
 58973 | Zig:27   | Identified the Tome of Captivating Heat
 59006 | Zig:27   | Got a sparkling iron ring
 59019 | Zig:27   | Got a flickering ruby amulet
 59020 | Zig:27   | Identified the Compendium of the Five Beds
 59111 | Zig:27   | Identified the ring "Bucuexki" {*Tele rC+} (You found it on
                  | level 27 of a ziggurat)
 59113 | Zig:27   | Identified the amulet "Tiocugu" {Spirit rElec Int+3} (You
                  | found it on level 27 of a ziggurat)
 59209 | D:13     | Bought the brooch of Shielding {Reflect SH+8} for 2019 gold
                  | pieces
 59209 | D:13     | Found the brooch of Shielding {Reflect SH+8}
 59228 | D:13     | Lost mutation: You are partially covered in yellow scales.
                  | (AC +2) [potion of mutation]
 59228 | D:13     | Lost mutation: You have sharp toenails. [potion of
                  | mutation]
 59228 | D:13     | Gained mutation: You are agile. (Dex +2) [potion of
                  | mutation]
 59229 | D:13     | Lost mutation: Your system is resistant to poisons. (rPois)
                  | [potion of mutation]
 59229 | D:13     | Lost mutation: You are agile. (Dex +2) [potion of mutation]
 59229 | D:13     | Gained mutation: Your mind is acute. (Int +2) [potion of
                  | mutation]
 59229 | D:13     | Gained mutation: You possess an exceptional clarity of
                  | mind. [potion of mutation]
 59229 | D:13     | Gained mutation: You evolve. [potion of mutation]
 59276 | Zig:1    | Entered Level 1 of a ziggurat
 59276 | Zig:1    | Noticed Bish the pandemonium lord
 59281 | Zig:1    | Killed Bish the pandemonium lord
 59317 | Zig:2    | Entered Level 2 of a ziggurat
 59365 | Zig:3    | Entered Level 3 of a ziggurat
 59366 | Zig:3    | Reached skill level 5 in Staves
 59410 | Zig:4    | Entered Level 4 of a ziggurat
 59458 | Zig:5    | Entered Level 5 of a ziggurat
 59467 | Zig:5    | Reached skill level 5 in Axes
 59516 | Zig:6    | Entered Level 6 of a ziggurat
 59590 | Zig:7    | Entered Level 7 of a ziggurat
 59661 | Zig:8    | Entered Level 8 of a ziggurat
 59726 | Zig:9    | Entered Level 9 of a ziggurat
 59821 | Zig:9    | Got a pair of dazzling boots
 59823 | Zig:9    | Got a pair of shimmering boots
 59839 | Zig:9    | Identified the +1 pair of boots of Entitlement {rCorr SInv}
                  | (You found it on level 9 of a ziggurat)
 59860 | Zig:9    | Identified the cursed -6 pair of boots of Raithr Veoch
                  | {rElec rN++ Int+4 Dex-2} (You found it on level 9 of a
                  | ziggurat)
 59873 | Zig:10   | Entered Level 10 of a ziggurat
 59889 | Zig:10   | Reached skill level 27 in Earth Magic
 59970 | Zig:11   | Entered Level 11 of a ziggurat
 59980 | Zig:11   | Noticed an orb of fire
 59996 | Zig:11   | Reached skill level 10 in Staves
 59997 | Zig:11   | Reached skill level 10 in Axes
 60004 | Zig:11   | Noticed an orb of fire
 60005 | Zig:11   | Noticed an orb of fire
 60005 | Zig:11   | Noticed an orb of fire
 60014 | Zig:11   | Killed an orb of fire
 60015 | Zig:11   | Killed an orb of fire
 60016 | Zig:11   | Killed an orb of fire
 60018 | Zig:11   | Killed an orb of fire
 60018 | Zig:11   | Reached skill level 15 in Summonings
 60047 | Zig:11   | Got a flickering amethyst amulet
 60052 | Zig:11   | Identified the Tome of Shifting Stones
 60121 | Zig:11   | Identified the amulet of Qaluinn {*Slow +Rage rC+ Slay+5}
                  | (You found it on level 11 of a ziggurat)
 60130 | Zig:12   | Entered Level 12 of a ziggurat
 60140 | Zig:12   | Noticed Hisoigot the pandemonium lord
 60140 | Zig:12   | Gained mutation: You are weak. (Str -2) [a cacodemon]
 60157 | Zig:12   | Killed Hisoigot the pandemonium lord
 60188 | Zig:12   | Found the +8 mithril axe "Arga" {speed, MR+}
 60263 | Zig:12   | Got a steaming lajatang
 60270 | Zig:12   | Identified the +1 lajatang of the Chain {slice, rC+ rN+ MR+
                  | Int-4} (You found it on level 12 of a ziggurat)
 60278 | Zig:13   | Entered Level 13 of a ziggurat
 60290 | Zig:13   | Reached skill level 15 in Fighting
 60388 | Zig:13   | Identified the Reference Book on Lucky Weightlessness
 60395 | Zig:13   | Got a scorched granite ring
 60397 | Zig:13   | Got a wavering amethyst amulet
 60399 | Zig:13   | Got a glittering steel ring
 60435 | Zig:13   | Identified the ring of Dyesmot {rF++ rC+ MR+ Int-2 SInv}
                  | (You found it on level 13 of a ziggurat)
 60436 | Zig:13   | Identified the amulet "Fagg" {Harm *Drain rF+ rN+ Dex-3
                  | Stlth+} (You found it on level 13 of a ziggurat)
 60438 | Zig:13   | Identified the ring of Exhibitionism {rF+ Int-5 Dex+5} (You
                  | found it on level 13 of a ziggurat)
 60444 | Zig:14   | Entered Level 14 of a ziggurat
 60455 | Zig:14   | Noticed a shard shrike
 60459 | Zig:14   | Killed a shard shrike
 60504 | Zig:14   | Noticed a shard shrike
 60513 | Zig:14   | Killed a shard shrike
 60578 | Zig:14   | Identified Sif Muna's Disquisition on Summoning and
                  | Translocation
 60624 | Zig:15   | Entered Level 15 of a ziggurat
 60769 | Zig:15   | Identified the Reference Book on Protection
 60820 | Zig:16   | Entered Level 16 of a ziggurat
 61021 | Zig:16   | Got a vibrating lead ring
 61071 | Zig:17   | Entered Level 17 of a ziggurat
 61123 | Zig:17   | Gained mutation: You are partially covered in icy blue
                  | scales. (AC +2) [evolution]
 61230 | Zig:17   | Identified the Compendium of Enchanting Summoning
 61241 | Zig:17   | Identified the Catalogue of Evil Combat Magic
 61309 | Zig:17   | Identified the ring "Cynem" {rPois rF- rN+ MR+ Str+2} (You
                  | found it on level 16 of a ziggurat)
 61330 | Zig:18   | Entered Level 18 of a ziggurat
 61355 | Zig:18   | Reached skill level 5 in Short Blades
 61525 | Zig:19   | Entered Level 19 of a ziggurat
 61549 | Zig:19   | Reached skill level 10 in Short Blades
 61685 | Zig:19   | Got a pitted tin ring
 61692 | Zig:19   | Got a heavily runed copper ring
 61712 | Zig:19   | Got a scintillating emerald amulet
 61768 | Zig:19   | Got a translucent bardiche
 61773 | Zig:19   | Identified the amulet of Moral Flaws {Inacc MR++} (You
                  | found it on level 19 of a ziggurat)
 61775 | Zig:19   | Identified the ring "Jolug" {Fire +Inv rElec} (You found it
                  | on level 19 of a ziggurat)
 61776 | Zig:19   | Identified the ring of Etorghois {*Tele rC+} (You found it
                  | on level 19 of a ziggurat)
 61778 | Zig:19   | Identified the +6 bardiche "Simoez" {drain, rF++ Int+4}
                  | (You found it on level 19 of a ziggurat)
 61784 | Zig:20   | Entered Level 20 of a ziggurat
 61988 | Zig:20   | Found the +8 demon trident "Rift" {distort, reach+}
 62093 | Zig:20   | Got a distressingly furry cloak
 62118 | Zig:20   | Identified the +1 cloak of Knowledge {rElec Regen+ Str-5}
                  | (You found it on level 20 of a ziggurat)
 62146 | Zig:21   | Entered Level 21 of a ziggurat
 62166 | Zig:21   | Reached skill level 1 in Slings
 62178 | Zig:21   | Reached skill level 5 in Slings
 62360 | Zig:21   | Got a scintillating steel amulet
 62365 | Zig:21   | Identified Sif Muna's Reference Book on the Lucky Frostbite
 62378 | Zig:21   | Identified the Grimoire of Destructive Displacement
 62454 | Zig:21   | Identified the amulet of the Robin {Inacc rElec rC+ Str-2
                  | Int+3} (You found it on level 21 of a ziggurat)
 62460 | Zig:22   | Entered Level 22 of a ziggurat
 62490 | Zig:22   | Noticed an ancient lich
 62491 | Zig:22   | Noticed an ancient lich
 62494 | Zig:22   | Killed an ancient lich
 62495 | Zig:22   | Killed an ancient lich
 62499 | Zig:22   | Reached skill level 10 in Slings
 62505 | Zig:22   | Noticed an ancient lich
 62511 | Zig:22   | Killed an ancient lich
 62582 | Zig:22   | Found the +8 frozen axe "Frostbite" {freezing cloud, *Noise
                  | +Fly rC+}
 62632 | Zig:22   | Got a vibrating golden amulet
 62713 | Zig:22   | Identified the amulet "Jeprat" {Gourm +Blink rC- rN+++ MR-}
                  | (You found it on level 22 of a ziggurat)
 62718 | Zig:23   | Entered Level 23 of a ziggurat
 62991 | Zig:23   | Identified the Compendium of Enhancements and the Mountains
 62997 | Zig:23   | Got a translucent amber ring
 63087 | Zig:24   | Entered Level 24 of a ziggurat
 63308 | Zig:24   | Got a vibrating silver ring
 63315 | Zig:24   | Got a twitching bronze ring
 63438 | Zig:24   | Identified the ring of Ikal {rC+++ MR+ Str-5 SInv} (You
                  | found it on level 23 of a ziggurat)
 63439 | Zig:24   | Identified the ring of Adghygg {rF+ Dex+2} (You found it on
                  | level 24 of a ziggurat)
 63441 | Zig:24   | Identified the ring of Xaopa {rPois Dex+5 SInv Stlth-} (You
                  | found it on level 24 of a ziggurat)
 63445 | Zig:25   | Entered Level 25 of a ziggurat
 63502 | Zig:25   | Reached skill level 27 in Fighting
 63692 | Zig:25   | Identified the Compendium of Attacks and Enhancements
 63713 | Zig:25   | Gained mutation: You passively map a small area around you.
                  | [evolution]
 63724 | Zig:25   | Identified the Papyrus of Glacial Confrontation
 63729 | Zig:25   | Got a wavering granite ring
 63826 | Zig:25   | Got a pair of fine gloves
 63838 | Zig:25   | Identified the +1 pair of gloves of Misanthropy {*Slow rN+
                  | Slay+3} (You found it on level 25 of a ziggurat)
 63852 | Zig:25   | Identified the ring "Kycom" {Fire rElec MR+ Stlth+} (You
                  | found it on level 25 of a ziggurat)
 63856 | Zig:26   | Entered Level 26 of a ziggurat
 63879 | Zig:26   | Reached skill level 5 in Fire Magic
 63888 | Zig:26   | Reached skill level 10 in Fire Magic
 64073 | Zig:26   | Identified Sif Muna's Collected Works on Mutagenic
                  | Companions
 64078 | Zig:26   | Got a fine tin ring
 64087 | Zig:26   | Got an ancient lapis lazuli ring
 64264 | Zig:26   | Got a twisted cloak
 64276 | Zig:26   | Identified the -4 cloak "Ratohu" {rF+ rC+} (You found it on
                  | level 26 of a ziggurat)
 64287 | Zig:26   | Identified the ring "Eveustrom" {Ice rPois Str+4} (You
                  | found it on level 26 of a ziggurat)
 64289 | Zig:26   | Identified the ring of Puisiec {rPois rC+ SInv Stlth-} (You
                  | found it on level 26 of a ziggurat)
 64297 | Zig:27   | Entered Level 27 of a ziggurat
 64324 | Zig:27   | Reached skill level 15 in Armour
 64487 | Zig:27   | Found the cursed +13 scythe of Curses {drain, *Curse}
 64487 | Zig:27   | Found the +3 warlock's mirror {reflect}
 64584 | Zig:27   | Identified the Grimoire of the Arsonist
 64914 | Zig:1    | Entered Level 1 of a ziggurat
 64943 | Zig:2    | Entered Level 2 of a ziggurat
 64987 | Zig:3    | Entered Level 3 of a ziggurat
 64991 | Zig:3    | Noticed an ancient lich
 64993 | Zig:3    | Killed an ancient lich
 65029 | Zig:4    | Entered Level 4 of a ziggurat
 65108 | Zig:5    | Entered Level 5 of a ziggurat
 65116 | Zig:5    | Noticed Fuircheg the pandemonium lord
 65136 | Zig:5    | Killed Fuircheg the pandemonium lord
 65222 | Zig:6    | Entered Level 6 of a ziggurat
 65278 | Zig:6    | Got a scintillating ruby amulet
 65293 | Zig:7    | Entered Level 7 of a ziggurat
 65392 | Zig:8    | Entered Level 8 of a ziggurat
 65555 | Zig:9    | Entered Level 9 of a ziggurat
 65592 | Zig:9    | Found the ring of Robustness {AC+8}
 65630 | Zig:9    | Identified the Handbook of Sinister Companions
 65647 | Zig:9    | Got a clouded ruby amulet
 65701 | Zig:10   | Entered Level 10 of a ziggurat
 65823 | Zig:11   | Entered Level 11 of a ziggurat
 65829 | Zig:11   | Noticed a juggernaut
 65834 | Zig:11   | Killed a juggernaut
 65860 | Zig:11   | Found the +4 moon troll leather armour {Spirit, Regen++
                  | MP+5}
 65937 | Zig:11   | Identified the Papyrus of Unholy Clay
 65946 | Zig:11   | Identified the Compendium of Conjuration
 65955 | Zig:11   | Identified the amulet "Ytusac" {Spirit rElec rF- Str+3
                  | SInv} (You found it on level 6 of a ziggurat)
 65957 | Zig:11   | Identified the amulet "Hutran" {+Rage rF++ Int+6} (You
                  | found it on level 9 of a ziggurat)
 65968 | Zig:12   | Entered Level 12 of a ziggurat
 65976 | Zig:12   | Noticed an ancient lich
 65976 | Zig:12   | Noticed an ancient lich
 65978 | Zig:12   | Reached skill level 1 in Maces & Flails
 65978 | Zig:12   | Noticed an ancient lich
 65982 | Zig:12   | Killed an ancient lich
 65983 | Zig:12   | Reached skill level 5 in Maces & Flails
 65983 | Zig:12   | Reached skill level 15 in Axes
 65983 | Zig:12   | Killed an ancient lich
 65984 | Zig:12   | Killed an ancient lich
 66102 | Zig:13   | Entered Level 13 of a ziggurat
 66112 | Zig:13   | Noticed a shard shrike
 66112 | Zig:13   | Noticed a shard shrike
 66115 | Zig:13   | Noticed a shard shrike
 66116 | Zig:13   | Reached skill level 10 in Maces & Flails
 66116 | Zig:13   | Killed a shard shrike
 66116 | Zig:13   | Noticed a shard shrike
 66117 | Zig:13   | Killed a shard shrike
 66118 | Zig:13   | Killed a shard shrike
 66127 | Zig:13   | Killed a shard shrike
 66208 | Zig:13   | Got a warped platinum ring
 66218 | Zig:13   | Got a scorched steel ring
 66281 | Zig:13   | Identified the ring of Xemit {*Tele rPois} (You found it on
                  | level 13 of a ziggurat)
 66283 | Zig:13   | Identified the ring of Mistrust {Fire +Fly rElec MR- Str-5}
                  | (You found it on level 13 of a ziggurat)
 66286 | Zig:13   | Got an encrusted bardiche
 66287 | Zig:13   | Identified the +6 bardiche of the Vulture {venom, rPois
                  | rC++} (You found it on level 13 of a ziggurat)
 66299 | Zig:14   | Entered Level 14 of a ziggurat
 66307 | Zig:14   | Noticed an ancient lich
 66307 | Zig:14   | Noticed an ancient lich
 66308 | Zig:14   | Noticed an ancient lich
 66314 | Zig:14   | Killed an ancient lich
 66314 | Zig:14   | Killed an ancient lich
 66314 | Zig:14   | Killed an ancient lich
 66430 | Zig:15   | Entered Level 15 of a ziggurat
 66438 | Zig:15   | Noticed a juggernaut
 66447 | Zig:15   | Killed a juggernaut
 66504 | Zig:15   | Got a scorched brass ring
 66524 | Zig:15   | Got a faintly glowing lead ring
 66625 | Zig:16   | Entered Level 16 of a ziggurat
 66632 | Zig:16   | Noticed an ancient lich
 66637 | Zig:16   | Killed an ancient lich
 66847 | Zig:16   | Got a pair of jewelled gloves
 66851 | Zig:16   | Identified the ring "Wupiowki" {rF+ Str+4} (You found it on
                  | level 15 of a ziggurat)
 66862 | Zig:16   | Identified the +2 pair of gloves of Apexirphovu {rF+ Int+3}
                  | (You found it on level 16 of a ziggurat)
 66864 | Zig:16   | Identified the ring "Juom Toa" {rCorr SInv} (You found it
                  | on level 15 of a ziggurat)
 66883 | Zig:17   | Entered Level 17 of a ziggurat
 66890 | Zig:17   | Noticed an ancient lich
 66892 | Zig:17   | Noticed an ancient lich
 66893 | Zig:17   | Noticed an ancient lich
 66895 | Zig:17   | Killed an ancient lich
 66896 | Zig:17   | Noticed an ancient lich
 66896 | Zig:17   | Killed an ancient lich
 66899 | Zig:17   | Killed an ancient lich
 66908 | Zig:17   | Killed an ancient lich
 66939 | Zig:17   | Found the +2 cloak of the Thief {+Fog Slay-2 SInv Stlth+}
 66945 | Zig:17   | Found the +11 plutonium sword {*Contam Stlth-}
 66973 | Zig:17   | Got a twitching ivory ring
 67068 | Zig:17   | Identified the ring "Caesadam" {Fire rElec MP+9 Str+6} (You
                  | found it on level 17 of a ziggurat)
 67091 | Zig:17   | Got a faintly glowing cloak
 67103 | Zig:17   | Identified the +0 cloak of Lugonu's Esteem {Dex+5} (You
                  | found it on level 17 of a ziggurat)
 67150 | Zig:18   | Entered Level 18 of a ziggurat
 67162 | Zig:18   | Reached skill level 15 in Short Blades
 67163 | Zig:18   | Noticed Jaakh the pandemonium lord
 67184 | Zig:18   | Killed Jaakh the pandemonium lord
 67326 | Zig:18   | Got a steaming turquoise ring
 67334 | Zig:18   | Got a translucent ivory ring
 67368 | Zig:18   | Identified the cursed ring "Haemeaba" {rN+ Int+3 Dex-2
                  | Stlth+} (You found it on level 18 of a ziggurat)
 67370 | Zig:18   | Identified the ring "Ewnukk" {Fire Str+3 Dex+3 Stlth-} (You
                  | found it on level 18 of a ziggurat)
 67373 | Zig:19   | Entered Level 19 of a ziggurat
 67527 | Zig:19   | Identified the Compendium of Enchanting Snow
 67570 | Zig:20   | Entered Level 20 of a ziggurat
 67775 | Zig:20   | Got a translucent marble ring
 67821 | Zig:20   | Identified the ring "Necaot" {Wiz rElec MP+9 Dex+4 SInv}
                  | (You found it on level 20 of a ziggurat)
 67838 | Zig:21   | Entered Level 21 of a ziggurat
 67858 | Zig:21   | Reached skill level 15 in Maces & Flails
 68010 | Zig:21   | Identified the Disquisition on Calling and Evil Secrets
 68082 | Zig:21   | Identified the Disquisition on the Twisted Escort
 68113 | Zig:21   | Got an encrusted crystal plate armour
 68129 | Zig:21   | Identified the +2 crystal plate armour of Neacotsu {rF+
                  | rC+} (You found it on level 21 of a ziggurat)
 68166 | Zig:22   | Entered Level 22 of a ziggurat
 68184 | Zig:22   | Reached skill level 27 in Shields
 68231 | Zig:22   | Reached skill level 15 in Stealth
 68386 | Zig:22   | Identified the Incunabulum of the Glacier and Venom
 68478 | Zig:22   | Got a pitted bronze amulet
 68499 | Zig:22   | Identified the amulet of Somioky {Gourm rElec MR+ Dex+2}
                  | (You found it on level 22 of a ziggurat)
 68514 | Zig:23   | Entered Level 23 of a ziggurat
 68520 | Zig:23   | Noticed Doiwkoh the pandemonium lord
 68520 | Zig:23   | Noticed a Killer Klown
 68520 | Zig:23   | Noticed a Killer Klown
 68521 | Zig:23   | Noticed Cioxisok the pandemonium lord
 68521 | Zig:23   | Noticed Vegin the pandemonium lord
 68521 | Zig:23   | Noticed a Killer Klown
 68521 | Zig:23   | Noticed Couhyitui the pandemonium lord
 68521 | Zig:23   | Noticed Fushrusimu the pandemonium lord
 68522 | Zig:23   | Noticed a Killer Klown
 68523 | Zig:23   | Noticed a Killer Klown
 68523 | Zig:23   | Noticed a Killer Klown
 68523 | Zig:23   | Noticed Bitwonk the pandemonium lord
 68523 | Zig:23   | Noticed Jiekhlubo the pandemonium lord
 68523 | Zig:23   | Noticed Zeacyoni the pandemonium lord
 68524 | Zig:23   | Noticed a Killer Klown
 68525 | Zig:23   | Noticed Xiunyxt the pandemonium lord
 68530 | Zig:23   | Noticed a Killer Klown
 68531 | Zig:23   | Killed a Killer Klown
 68531 | Zig:23   | Killed a Killer Klown
 68531 | Zig:23   | Killed a Killer Klown
 68531 | Zig:23   | Killed a Killer Klown
 68531 | Zig:23   | Killed Doiwkoh the pandemonium lord
 68531 | Zig:23   | Killed Vegin the pandemonium lord
 68531 | Zig:23   | Noticed Vumis the pandemonium lord
 68531 | Zig:23   | Noticed a Killer Klown
 68531 | Zig:23   | Noticed Rasomot the pandemonium lord
 68532 | Zig:23   | Killed Fushrusimu the pandemonium lord
 68532 | Zig:23   | Killed a Killer Klown
 68532 | Zig:23   | Noticed Wask the pandemonium lord
 68532 | Zig:23   | Noticed a Killer Klown
 68532 | Zig:23   | Noticed Viquag the pandemonium lord
 68532 | Zig:23   | Noticed a Killer Klown
 68533 | Zig:23   | Noticed Waxois the pandemonium lord
 68534 | Zig:23   | Killed Couhyitui the pandemonium lord
 68534 | Zig:23   | Killed a Killer Klown
 68534 | Zig:23   | Noticed a Killer Klown
 68535 | Zig:23   | Noticed Macly the pandemonium lord
 68535 | Zig:23   | Noticed a Killer Klown
 68536 | Zig:23   | Killed Bitwonk the pandemonium lord
 68536 | Zig:23   | Killed a Killer Klown
 68536 | Zig:23   | Killed Zeacyoni the pandemonium lord
 68536 | Zig:23   | Noticed Liytap the pandemonium lord
 68536 | Zig:23   | Noticed Piuzod the pandemonium lord
 68538 | Zig:23   | Noticed Vosuet the pandemonium lord
 68538 | Zig:23   | Noticed Deuwewun the pandemonium lord
 68538 | Zig:23   | Killed Xiunyxt the pandemonium lord
 68539 | Zig:23   | Killed Cioxisok the pandemonium lord
 68539 | Zig:23   | Noticed Ajutsuf the pandemonium lord
 68540 | Zig:23   | Noticed Miabbo the pandemonium lord
 68540 | Zig:23   | Killed Vumis the pandemonium lord
 68541 | Zig:23   | Killed a Killer Klown
 68542 | Zig:23   | Noticed Vorphacso the pandemonium lord
 68542 | Zig:23   | Killed Jiekhlubo the pandemonium lord
 68542 | Zig:23   | Noticed a Killer Klown
 68543 | Zig:23   | Killed a Killer Klown
 68544 | Zig:23   | Killed Rasomot the pandemonium lord
 68546 | Zig:23   | Noticed a Killer Klown
 68546 | Zig:23   | Noticed a Killer Klown
 68546 | Zig:23   | Noticed Cusadups the pandemonium lord
 68546 | Zig:23   | Killed Wask the pandemonium lord
 68546 | Zig:23   | Killed a Killer Klown
 68546 | Zig:23   | Killed a Killer Klown
 68546 | Zig:23   | Killed Miabbo the pandemonium lord
 68546 | Zig:23   | Killed a Killer Klown
 68548 | Zig:23   | Killed Macly the pandemonium lord
 68548 | Zig:23   | Killed a Killer Klown
 68548 | Zig:23   | Killed Deuwewun the pandemonium lord
 68548 | Zig:23   | Killed Cusadups the pandemonium lord
 68548 | Zig:23   | Killed Vosuet the pandemonium lord
 68549 | Zig:23   | Killed Ajutsuf the pandemonium lord
 68550 | Zig:23   | Killed Viquag the pandemonium lord
 68550 | Zig:23   | Killed a Killer Klown
 68550 | Zig:23   | Killed a Killer Klown
 68552 | Zig:23   | Killed Waxois the pandemonium lord
 68554 | Zig:23   | Killed a Killer Klown
 68555 | Zig:23   | Killed Piuzod the pandemonium lord
 68555 | Zig:23   | Killed Liytap the pandemonium lord
 68555 | Zig:23   | Killed Vorphacso the pandemonium lord
 68631 | Zig:23   | Lost mutation: Your mind is acute. (Int +2) [evolution]
 68694 | Zig:23   | Got a sparkling turquoise ring
 68710 | Zig:23   | Identified Sif Muna's Catalogue of the Mountains
 68753 | Zig:23   | Identified the ring of Nalass {rCorr Dex+4} (You found it
                  | on level 23 of a ziggurat)
 68761 | Zig:24   | Entered Level 24 of a ziggurat
 68767 | Zig:24   | Noticed a greater mummy
 68767 | Zig:24   | Noticed a greater mummy
 68767 | Zig:24   | Noticed a greater mummy
 68768 | Zig:24   | Noticed a greater mummy
 68769 | Zig:24   | Noticed a greater mummy
 68770 | Zig:24   | Noticed a greater mummy
 68770 | Zig:24   | Noticed a greater mummy
 68770 | Zig:24   | Noticed a greater mummy
 68771 | Zig:24   | Noticed a greater mummy
 68771 | Zig:24   | Noticed a greater mummy
 68772 | Zig:24   | Noticed a greater mummy
 68772 | Zig:24   | Noticed a greater mummy
 68772 | Zig:24   | Noticed a greater mummy
 68773 | Zig:24   | Noticed a greater mummy
 68773 | Zig:24   | Noticed a greater mummy
 68774 | Zig:24   | Reached skill level 1 in Long Blades
 68774 | Zig:24   | Reached skill level 1 in Unarmed Combat
 68774 | Zig:24   | Noticed a greater mummy
 68774 | Zig:24   | Noticed a greater mummy
 68774 | Zig:24   | Noticed a greater mummy
 68776 | Zig:24   | Killed a greater mummy
 68776 | Zig:24   | Killed a greater mummy
 68776 | Zig:24   | Noticed a greater mummy
 68777 | Zig:24   | Killed a greater mummy
 68777 | Zig:24   | Noticed a greater mummy
 68778 | Zig:24   | Killed a greater mummy
 68778 | Zig:24   | Reached skill level 27 in Stealth
 68778 | Zig:24   | Killed a greater mummy
 68778 | Zig:24   | Killed a greater mummy
 68778 | Zig:24   | Killed a greater mummy
 68778 | Zig:24   | Killed a greater mummy
 68782 | Zig:24   | Killed a greater mummy
 68782 | Zig:24   | Killed a greater mummy
 68784 | Zig:24   | Killed a greater mummy
 68784 | Zig:24   | Reached skill level 5 in Long Blades
 68784 | Zig:24   | Reached skill level 5 in Unarmed Combat
 68784 | Zig:24   | Killed a greater mummy
 68784 | Zig:24   | Killed a greater mummy
 68784 | Zig:24   | Killed a greater mummy
 68785 | Zig:24   | Killed a greater mummy
 68786 | Zig:24   | Killed a greater mummy
 68789 | Zig:24   | Noticed a greater mummy
 68792 | Zig:24   | Killed a greater mummy
 68794 | Zig:24   | Killed a greater mummy
 68794 | Zig:24   | Killed a greater mummy
 68794 | Zig:24   | Noticed a greater mummy
 68796 | Zig:24   | Killed a greater mummy
 68812 | Zig:24   | Killed a greater mummy
 68813 | Zig:24   | Killed a greater mummy
 68912 | Zig:24   | Found the +8 orange crystal plate armour {Archmagi, Int+3
                  | Clar}
 68963 | Zig:24   | Got a brightly glowing wooden ring
 68984 | Zig:24   | Got a steaming lapis lazuli ring
 69136 | Zig:24   | Identified the ring of the Messenger {rN+ Dex+3} (You found
                  | it on level 24 of a ziggurat)
 69138 | Zig:24   | Identified the ring of Moderation {rElec rC+ MR+ MP-9} (You
                  | found it on level 24 of a ziggurat)
 69157 | Zig:25   | Entered Level 25 of a ziggurat
 69243 | Zig:25   | Identified the Disquisition on the Frostbite and Companions
 69246 | Zig:25   | Got a coiled brass ring
 69424 | Zig:26   | Entered Level 26 of a ziggurat
 69436 | Zig:26   | Reached skill level 27 in Dodging
 69443 | Zig:26   | Reached skill level 27 in Armour
 69443 | Zig:26   | Reached skill level 1 in Ice Magic
 69445 | Zig:26   | Reached skill level 15 in Fire Magic
 69445 | Zig:26   | Reached skill level 5 in Ice Magic
 69644 | Zig:26   | Got a twitching platinum ring
 69649 | Zig:26   | Got a steaming jade amulet
 69770 | Zig:27   | Entered Level 27 of a ziggurat
 69788 | Zig:27   | Reached skill level 10 in Ice Magic
 69848 | Zig:27   | Identified the Compendium of the Eagle
 69869 | Zig:27   | Got a fine glass ring
 70086 | Zig:27   | Identified the ring of Qeumoluc {rC+ Dex+4} (You found it
                  | on level 27 of a ziggurat)
 70088 | Zig:27   | Identified the ring of Lucidity {Str+5 Int+6} (You found it
                  | on level 26 of a ziggurat)
 70090 | Zig:27   | Identified the ring "Ereutuas" {rElec MR+} (You found it on
                  | level 25 of a ziggurat)
 70092 | Zig:27   | Identified the amulet "Xuxaoh" {Reflect Slay+2 SH+2} (You
                  | found it on level 26 of a ziggurat)
 70326 | D:13     | Learned a level 8 spell: Chain Lightning
 70334 | D:13     | Learned a level 5 spell: Aura of Abjuration
 70339 | D:13     | Got an ancient large shield
 70339 | D:13     | Got a distressingly furry cloak
 70339 | D:13     | Got a pair of scorched boots
 70352 | D:13     | Identified the +8 large shield of the Chupacabra {Int+6
                  | Dex+3} (You acquired it on level 13 of the Dungeon)
 70374 | D:13     | Identified the +5 cloak "Omumm" {MP+9} (You acquired it on
                  | level 13 of the Dungeon)
 70418 | D:13     | Identified the +0 pair of boots of the Guild-Master {MR+
                  | Dex+4} (You acquired it on level 13 of the Dungeon)
 70436 | Zig:1    | Entered Level 1 of a ziggurat
 70472 | Zig:2    | Entered Level 2 of a ziggurat
 70520 | Zig:3    | Entered Level 3 of a ziggurat
 70584 | Zig:4    | Entered Level 4 of a ziggurat
 70642 | Zig:4    | Got a brightly glowing bone ring
 70660 | Zig:5    | Entered Level 5 of a ziggurat
 70716 | Zig:5    | Identified the Catalogue of the Thoughtful Gods
 70732 | Zig:6    | Entered Level 6 of a ziggurat
 70790 | Zig:6    | Identified the Handbook of Instinct
 70814 | Zig:7    | Entered Level 7 of a ziggurat
 70892 | Zig:8    | Entered Level 8 of a ziggurat
 70995 | Zig:9    | Entered Level 9 of a ziggurat
 71149 | Zig:10   | Entered Level 10 of a ziggurat
 71161 | Zig:10   | Noticed Iptiogg the pandemonium lord
 71185 | Zig:10   | Killed Iptiogg the pandemonium lord
 71263 | Zig:10   | Got a translucent ivory ring
 71284 | D:13     | Identified the ring of Day {rF+ Str-4 Dex+6 Slay+2} (You
                  | found it on level 10 of a ziggurat)
 71286 | D:13     | Identified the ring of Detuyx {rC+ MR+ Str+7} (You found it
                  | on level 4 of a ziggurat)
 71298 | D:13     | Learned a level 9 spell: Glaciate
 71302 | D:13     | Learned a level 3 spell: Regeneration
 71310 | D:13     | Learned a level 6 spell: Deflect Missiles
 71377 | Depths:1 | Entered Level 1 of the Depths
 71401 | Depths:1 | Reached skill level 1 in Charms
 71732 | Depths:1 | Found a shadowy altar of Dithmenos.
 71870 | Depths:1 | Found a burning altar of Makhleb.
 72027 | Depths:1 | Found a sparkling altar of Nemelex Xobeh.
 72029 | Depths:1 | Gained mutation: You are robust. (+10% HP) [evolution]
 72029 | Depths:1 | Lost mutation: You evolve. [end of evolution]
 72031 | Depths:1 | Lost mutation: You passively map a small area around you.
                  | [potion of mutation]
 72031 | Depths:1 | Lost mutation: You possess an exceptional clarity of mind.
                  | [potion of mutation]
 72031 | Depths:1 | Lost mutation: You are weak. (Str -2) [potion of mutation]
 72031 | Depths:1 | Lost mutation: You are partially covered in molten scales.
                  | (AC +2) [potion of mutation]
 72031 | Depths:1 | Gained mutation: You are clumsy. (Dex -2) [potion of
                  | mutation]
 72031 | Depths:1 | Gained mutation: You have large cloven feet. [potion of
                  | mutation]
 72032 | Depths:1 | Lost mutation: You are clumsy. (Dex -2) [potion of
                  | mutation]
 72032 | Depths:1 | Lost mutation: You have large cloven feet. [potion of
                  | mutation]
 72032 | Depths:1 | Lost mutation: You are partially covered in icy blue
                  | scales. (AC +2) [potion of mutation]
 72032 | Depths:1 | Gained mutation: Your magical capacity is low. (-10% MP)
                  | [potion of mutation]
 72032 | Depths:1 | Gained mutation: Armour fits poorly on your strangely
                  | shaped body. [potion of mutation]
 72032 | Depths:1 | Gained mutation: You passively map a small area around you.
                  | [potion of mutation]
 72033 | Depths:1 | Lost mutation: Armour fits poorly on your strangely shaped
                  | body. [potion of mutation]
 72033 | Depths:1 | Lost mutation: You are robust. (+10% HP) [potion of
                  | mutation]
 72033 | Depths:1 | Lost mutation: Your magical capacity is low. (-10% MP)
                  | [potion of mutation]
 72033 | Depths:1 | Gained mutation: You have an increased reservoir of magic.
                  | (+10% MP) [potion of mutation]
 72033 | Depths:1 | Gained mutation: Your flesh is cold resistant. (rC+)
                  | [potion of mutation]
 72033 | Depths:1 | Gained mutation: Your spells are a little harder to cast,
                  | but a little more powerful. [potion of mutation]
 72033 | Depths:1 | Gained mutation: Your spells are harder to cast, but more
                  | powerful. [potion of mutation]
 72034 | Depths:1 | Lost mutation: You have an increased reservoir of magic.
                  | (+10% MP) [potion of mutation]
 72034 | Depths:1 | Gained mutation: You are robust. (+10% HP) [potion of
                  | mutation]
 72034 | Depths:1 | Gained mutation: You are resistant to hostile enchantments.
                  | (MR+) [potion of mutation]
 72035 | Depths:1 | Lost mutation: You are robust. (+10% HP) [potion of
                  | mutation]
 72035 | Depths:1 | Lost mutation: You are resistant to hostile enchantments.
                  | (MR+) [potion of mutation]
 72035 | Depths:1 | Lost mutation: You passively map a small area around you.
                  | [potion of mutation]
 72035 | Depths:1 | Gained mutation: You are partially covered in molten
                  | scales. (AC +2) [potion of mutation]
 72035 | Depths:1 | Gained mutation: Your mind is acute. (Int +2) [potion of
                  | mutation]
 72036 | Depths:1 | Lost mutation: Your mind is acute. (Int +2) [potion of
                  | mutation]
 72036 | Depths:1 | Lost mutation: Your spells are harder to cast, but more
                  | powerful. [potion of mutation]
 72036 | Depths:1 | Lost mutation: Your spells are a little harder to cast, but
                  | a little more powerful. [potion of mutation]
 72036 | Depths:1 | Gained mutation: You have sharp toenails. [potion of
                  | mutation]
 72036 | Depths:1 | Gained mutation: You are surrounded by a mild repulsion
                  | field. (EV +2) [potion of mutation]
 72036 | Depths:1 | Gained mutation: You are partially covered in yellow
                  | scales. (AC +2) [potion of mutation]
 72038 | Depths:1 | Lost mutation: You have sharp toenails. [potion of
                  | mutation]
 72038 | Depths:1 | Lost mutation: Your flesh is cold resistant. (rC+) [potion
                  | of mutation]
 72038 | Depths:1 | Gained mutation: Scrolls take you a little longer to read.
                  | [potion of mutation]
 72038 | Depths:1 | Gained mutation: You are covered in fur. (AC +1) [potion of
                  | mutation]
 72041 | Depths:1 | Lost mutation: Scrolls take you a little longer to read.
                  | [potion of mutation]
 72041 | Depths:1 | Gained mutation: You are robust. (+10% HP) [potion of
                  | mutation]
 72042 | Depths:1 | Lost mutation: You are robust. (+10% HP) [potion of
                  | mutation]
 72042 | Depths:1 | Lost mutation: You are partially covered in molten scales.
                  | (AC +2) [potion of mutation]
 72042 | Depths:1 | Lost mutation: You are covered in fur. (AC +1) [potion of
                  | mutation]
 72042 | Depths:1 | Gained mutation: Your muscles are strong. (Str +2) [potion
                  | of mutation]
 72042 | Depths:1 | Gained mutation: Your flesh is cold resistant. (rC+)
                  | [potion of mutation]
 72043 | Depths:1 | Lost mutation: Your flesh is cold resistant. (rC+) [potion
                  | of mutation]
 72043 | Depths:1 | Lost mutation: You are surrounded by a mild repulsion
                  | field. (EV +2) [potion of mutation]
 72043 | Depths:1 | Gained mutation: You passively map a small area around you.
                  | [potion of mutation]
 72043 | Depths:1 | Gained mutation: You are partially covered in large bone
                  | plates. (SH +4) [potion of mutation]
 72043 | Depths:1 | Gained mutation: You have a somewhat thin skeletal
                  | structure. (Dex +2, Stealth) [potion of mutation]
 72044 | Depths:1 | Lost mutation: You have a somewhat thin skeletal structure.
                  | (Dex +2, Stealth) [potion of mutation]
 72044 | Depths:1 | Lost mutation: You are partially covered in large bone
                  | plates. (SH +4) [potion of mutation]
 72044 | Depths:1 | Gained mutation: You have an increased reservoir of magic.
                  | (+10% MP) [potion of mutation]
 72044 | Depths:1 | Gained mutation: You are partially covered in slimy green
                  | scales. (AC +2) [potion of mutation]
 72044 | Depths:1 | Gained mutation: You have a somewhat thin skeletal
                  | structure. (Dex +2, Stealth) [potion of mutation]
 72045 | Depths:1 | Lost mutation: You are partially covered in yellow scales.
                  | (AC +2) [potion of mutation]
 72045 | Depths:1 | Lost mutation: Your muscles are strong. (Str +2) [potion of
                  | mutation]
 72045 | Depths:1 | Lost mutation: You passively map a small area around you.
                  | [potion of mutation]
 72045 | Depths:1 | Lost mutation: You are partially covered in slimy green
                  | scales. (AC +2) [potion of mutation]
 72045 | Depths:1 | Gained mutation: Your mind is acute. (Int +2) [potion of
                  | mutation]
 72045 | Depths:1 | Gained mutation: You possess an exceptional clarity of
                  | mind. [potion of mutation]
 72149 | Depths:1 | Reached skill level 5 in Charms
 72192 | Depths:1 | Found a shimmering altar of Xom.
 72362 | Depths:1 | Found a one-way gate leading to the halls of Pandemonium.
 72542 | Depths:1 | Found a gateway to a ziggurat.
 72734 | Depths:2 | Found a sacrificial altar of Ru.
 72762 | Depths:2 | Noticed a juggernaut
 72771 | Depths:2 | Killed a juggernaut
 72773 | Depths:2 | Found a flickering gateway to a bazaar.
 72854 | Bazaar   | Entered a bazaar
 72869 | Bazaar   | Found Asytidep's Weapon Emporium.
 72869 | Bazaar   | Found Cehudi's Magic Scroll Shoppe.
 72879 | Bazaar   | Bought a scroll of identify for 30 gold pieces
 72879 | Bazaar   | Bought a scroll of identify for 30 gold pieces
 72890 | Bazaar   | Found Ronoaman's Distillery.
 72890 | Bazaar   | Found Qeosun's Antique Armour Shoppe.
 72911 | Bazaar   | Found Vatoff's Weapon Emporium.
 72911 | Bazaar   | Found Woahew's Distillery.
 72921 | Bazaar   | Bought a potion of mutation for 104 gold pieces
 72921 | Bazaar   | Bought a potion of mutation for 104 gold pieces
 72932 | Bazaar   | Found Podigh's Jewellery Emporium.
 72932 | Bazaar   | Found Yreskiq's Food Shoppe.
 73295 | Depths:2 | Identified the Disquisition on Glacial Translocation
 73594 | Hell     | Entered the Vestibule of Hell
 73594 | Hell     | Noticed Geryon
 73680 | Depths:3 | Reached skill level 10 in Conjurations
 73717 | Depths:3 | Found a runed translucent door.
 73725 | Depths:3 | Found a runed translucent door.
 74188 | Depths:3 | Identified Juzeq's Compendium of Unholy Rituals
 74569 | Depths:4 | Found Peany's Jewellery Boutique.
 75213 | Depths:4 | Found a one-way gate to the infinite horrors of the Abyss.
 75288 | Depths:5 | Entered Level 5 of the Depths
 75295 | Depths:5 | Noticed Frederick
 75302 | Depths:5 | Noticed Margery
 75309 | Depths:5 | Killed Frederick
 75435 | Depths:5 | Reached skill level 10 in Charms
 75439 | Depths:5 | Got a translucent granite ring
 75487 | Depths:5 | Noticed Sojobo
 75523 | Depths:5 | Killed Sojobo
 75535 | Depths:5 | Killed Margery
 75624 | Depths:5 | Noticed Boris
 75633 | Depths:5 | Killed Boris
 75633 | Depths:5 | Reached skill level 15 in Ice Magic
 75691 | Depths:5 | Found a gate to the Realm of Zot.
 75731 | Depths:5 | Identified the ring of Jukkoufoe {MP+9 Str+5 Stlth-}
 76098 | Depths:5 | Got a translucent lead ring
 76108 | Depths:5 | Identified the ring "Ditip" {rN+ MP+9 Str+3 Dex-3 SInv}
 76147 | Depths:5 | Noticed a juggernaut
 76157 | Depths:5 | Killed a juggernaut
 76355 | Depths:5 | Found a shimmering altar of Xom.
 76511 | Zot:1    | Entered Level 1 of the Realm of Zot
 77082 | Zot:1    | Got a pitted amethyst amulet
 77400 | Zot:2    | Reached skill level 27 in Spellcasting
 77831 | Zot:4    | Reached skill level 15 in Evocations
 78219 | Zot:4    | Noticed a Killer Klown
 78225 | Zot:4    | Killed a Killer Klown
 78385 | Zot:5    | Entered Level 5 of the Realm of Zot
 78529 | Zot:5    | Noticed an ancient lich
 78538 | Zot:5    | Killed an ancient lich
 78666 | Zot:5    | Noticed an orb of fire
 78673 | Zot:5    | Noticed an ancient lich
 78675 | Zot:5    | Killed an ancient lich
 78675 | Zot:5    | Noticed an orb of fire
 78676 | Zot:5    | Killed an orb of fire
 78680 | Zot:5    | Noticed a Killer Klown
 78690 | Zot:5    | Killed an orb of fire
 78692 | Zot:5    | Killed a Killer Klown
 78692 | Zot:5    | Noticed an orb of fire
 78704 | Zot:5    | Killed an orb of fire
 78714 | Zot:5    | Noticed a Killer Klown
 78725 | Zot:5    | Killed a Killer Klown
 78964 | Zot:5    | Noticed an orb of fire
 78975 | Zot:5    | Noticed an ancient lich
 78981 | Zot:5    | Killed an orb of fire
 78982 | Zot:5    | Noticed an orb of fire
 78984 | Zot:5    | Killed an ancient lich
 78985 | Zot:5    | Noticed a Killer Klown
 78988 | Zot:5    | Noticed an orb of fire
 78994 | Zot:5    | Noticed an orb of fire
 78996 | Zot:5    | Killed an orb of fire
 78996 | Zot:5    | Reached skill level 15 in Conjurations
 78996 | Zot:5    | Killed a Killer Klown
 79000 | Zot:5    | Killed an orb of fire
 79000 | Zot:5    | Noticed an ancient lich
 79008 | Zot:5    | Killed an orb of fire
 79013 | Zot:5    | Killed an ancient lich
 79125 | Zot:5    | Got the Orb of Zot
 79362 | Depths:3 | Killed from afar by a Tzitzimitl

Skill      XL: |  1  2  3  4  5  6  7  8  9 10 11 12 13 14 15 16 17 18 19 20 21 22 23 24 25 26 27 |
---------------+----------------------------------------------------------------------------------+-----
Conjurations   | 1 2 3 4 5 6 15 | 15.4
Shields        | 2 3 4 9 11 15 27 | 27.0
Poison Magic   | 2 5 8 |  8.1
Fire Magic     | 2 4 22 | 22.1
Air Magic      | 1 3 4 27 | 27.0
Polearms       | 2 3 |  3.0
Spellcasting   | 5 7 10 12 13 27 | 27.0
Necromancy     | 2 7 8 10 12 14 15 16 18 19 | 19.0
Earth Magic    | 3 8 9 11 13 14 16 21 24 27 | 27.0
Dodging        | 2 4 6 7 8 9 27 | 27.0
Armour         | 2 4 7 9 10 11 27 | 27.0
Evocations     | 2 4 6 7 10 17 | 17.6
Fighting       | 2 4 7 10 11 12 27 | 27.0
Stealth        | 3 5 6 8 10 27 | 27.0
Staves         | 3 13 | 13.2
Transmutations | 3 12 17 19 | 19.0
Hexes          | 10 | 10.0
Summonings     | 22 | 22.0
Axes           | 21 | 21.6
Short Blades   | 20 | 20.9
Slings         | 14 | 14.8
Maces & Flails | 17 | 17.7
Long Blades    | 8 |  8.6
Unarmed Combat | 8 |  8.6
Ice Magic      | 18 | 18.5
Charms         | 10 | 10.0
Translocations | |  0.8

Action                   |  1- 3 |  4- 6 |  7- 9 | 10-12 | 13-15 | 16-18 | 19-21 | 22-24 | 25-27 || total
-------------------------+-------+-------+-------+-------+-------+-------+-------+-------+-------++-------
Melee: Unarmed           |     8 |       |       |       |     6 |       |       |       |       ||    14
       Dagger            |    23 |       |       |       |       |       |       |       |       ||    23
       Short sword       |    21 |    57 |    21 |       |       |       |       |       |       ||    99
       Rapier            |       |    23 |       |       |       |       |       |       |       ||    23
       Spear             |       |    33 |       |       |       |       |       |       |       ||    33
       Whip              |       |       |   101 |       |       |       |       |       |       ||   101
       Trident           |       |       |   112 |   594 |   125 |       |       |       |       ||   831
       Bite              |       |       |       |     3 |    69 |    85 |    77 |    95 |    69 ||   398
       Quarterstaff      |       |       |       |       |   801 |   896 |   668 |   800 |   624 ||  3789
       Staff             |       |       |       |       |       |       |       |       |    45 ||    45
Throw: Stone             |       |    18 |     1 |       |       |       |       |       |       ||    19
 Cast: Magic Dart        |    80 |    63 |   145 |    23 |       |       |       |       |       ||   311
       Mephitic Cloud    |     1 |    17 |    23 |    68 |    92 |    20 |    40 |       |       ||   261
       Conjure Flame     |       |     2 |    17 |    44 |    79 |    37 |    30 |     2 |     2 ||   213
       Vampiric Draining |       |       |       |    18 |     6 |     1 |       |       |       ||    25
       Dispel Undead     |       |       |       |     9 |    13 |     3 |     3 |    67 |    24 ||   119
       Sublimation of Bl |       |       |       |     7 |     5 |    54 |    57 |    39 |       ||   162
       Borgnjor's Vile C |       |       |       |    22 |    66 |   191 |   229 |   162 |   292 ||   962
       Regeneration      |       |       |       |       |       |    54 |    65 |    39 |    16 ||   174
       Shatter           |       |       |       |       |       |       |     1 |       |   957 ||   958
       Necromutation     |       |       |       |       |       |       |       |     9 |   180 ||   189
       Tornado           |       |       |       |       |       |       |       |       |   308 ||   308
       Chain Lightning   |       |       |       |       |       |       |       |       |    41 ||    41
       Ozocubu's Armour  |       |       |       |       |       |       |       |       |    18 ||    18
       Darkness          |       |       |       |       |       |       |       |       |    10 ||    10
       Aura of Abjuratio |       |       |       |       |       |       |       |       |     1 ||     1
Invok: Receive Necronomi |       |       |       |       |     1 |       |       |       |       ||     1
       Potion Petition   |       |       |       |       |     1 |       |       |       |    97 ||    98
       Call Merchant     |       |       |       |       |       |       |       |       |     4 ||     4
 Abil: Dig               |     2 |     2 |    12 |    12 |    30 |    16 |     8 |       |     9 ||    91
       End Transformatio |       |       |       |       |       |       |       |       |    21 ||    21
Evoke: Lamp of fire      |       |       |       |     1 |       |       |     1 |     3 |    10 ||    15
       Phial of floods   |       |       |       |       |     1 |       |       |     1 |       ||     2
       Fan of gales      |       |       |       |       |       |       |       |     1 |     6 ||     7
       Staff of energy   |       |       |       |       |       |       |       |    39 |  2449 ||  2488
       Lightning rod     |       |       |       |       |       |       |       |       |    15 ||    15
       Wand              |       |       |       |       |       |       |       |       |    10 ||    10
       Figurine of a zig |       |       |       |       |       |       |       |       |     4 ||     4
  Use: Scroll            |       |       |    11 |    12 |     6 |     7 |     5 |     6 |    80 ||   127
       Potion            |       |       |     7 |     3 |     9 |    11 |     9 |     2 |    68 ||   109
 Stab: Sleeping          |     4 |       |       |     2 |     3 |     5 |     9 |    22 |     1 ||    46
       Confused          |     3 |     9 |    11 |    25 |    34 |     4 |     7 |       |       ||    93
       Distracted        |       |     1 |       |       |     2 |     6 |     5 |     9 |    12 ||    35
       Petrified         |       |       |       |       |       |     3 |       |       |       ||     3
       Invisible         |       |       |       |       |       |       |     2 |       |       ||     2
  Eat: Chunk             |     3 |    10 |    12 |    24 |     4 |       |       |       |       ||    53
       Ration            |       |       |     1 |     1 |    15 |    17 |    16 |    12 |    34 ||    96
Armor: Robe              |    24 |    15 |    63 |    24 |       |       |       |       |       ||   126
       Troll leather arm |       |       |       |    40 |   218 |   180 |   160 |   158 |   681 ||  1437
       Leather armour    |       |       |       |       |     4 |       |       |       |       ||     4
       Ring mail         |       |       |       |       |       |       |       |       |    57 ||    57
Dodge: Dodged            |    70 |    60 |   157 |   155 |   467 |   313 |   228 |   201 |  1283 ||  2934
Block: Buckler           |       |       |    39 |    47 |    21 |       |       |       |       ||   107
       Shield            |       |       |       |       |   433 |    32 |       |       |       ||   465
       Large shield      |       |       |       |       |       |  1239 |   902 |  1060 |  3200 ||  6401
